Cogmind - Beta 16 X2 @@@ ROGUE MODE // 2025.10.12 @ 11:47:40 Player: aoemica Result: Escaped singularity! Performance ------------- Evolutions (9) 4500 Regions Visited (31) 6200 Robots Destroyed (612) 3060 Value Destroyed (33838) 33838 Prototype IDs (377) 7540 Alien Tech Used (7) 1400 Bonus (89061) 89061 TOTAL SCORE: 145599 Bonus ------- Triggered High Security 1000 High Alert Combat Kills 15097 Follower Combat Kills 2020 Destroyed Unchained 2000 Registered with UFD 300 Met Optimus in HQ 500 Met Zhirov 300 Met Warlord at Base 500 MAIN.C Attacked Warlord 500 Warlord Defense Kills 2030 Scanned by Researcher 500 Destroyed Superfortress 15000 Met Optimus at Protoforge 1000 Completed Drillbomb Mission10000 Destroyed MAIN.C Guards 500 Met MAIN.C 5000 Destroyed MAIN.C Shell 5000 Destroyed MAIN.C 10000 Met Architect 300 Destroyed A8 300 Destroyed A6 400 Destroyed A5 500 Destroyed Architect 15000 Win 3000 Friendly Fire -1686 Cogmind --------- Core Integrity 855/1600 Matter 280/300 Energy 308/460 System Corruption 0% Temperature Cool (10) Movement Hovering (33) Location Near Former Tau Ceti IV Parts ------- > --- POWER (3) -------- Concept Zero-point Core Concept Zero-point Core Concept Zero-point Core > --- PROPULSION (8) --- Experimental Antigrav System Experimental Antigrav System Gravjet Array Gravjet Array Concept Combat Aerolev Unit Concept Combat Aerolev Unit > --- UTILITY (12) ----- Concept Phasing Heat Sink Concept Thermoelectric Network Large Storage Unit Concept Weapon Articulator Experimental Core Analyzer Experimental Armor Integrity Analyzer Advanced Particle Accelerator Experimental Weapon Cycler Concept Reaction Jets Experimental Phase Shifter Heavy Regenerative Plating > --- WEAPON (2) ------- Concept Plasma Driver Concept Plasma Driver > --- INVENTORY (15) --- Micro Antimatter Reactor Zero-point Reactor Experimental Antigrav System Gravjet Array Concept Chromion Battery (800) Concept NT7 Matterbank (674) Triangulator Experimental Kinecellerator Experimental Reaction Control System Advanced Shield Generator Concept Matter Streamer Concept Impact Drone Bay (6/6) Omega Cannon Peak State ------------ > --- POWER ------------ Concept Zero-point Core Concept Zero-point Core Concept Zero-point Core > --- PROPULSION ------- Gravjet Array Gravjet Array Gravjet Array Concept Combat Aerolev Unit Concept Combat Aerolev Unit > --- UTILITY ---------- Concept Phasing Heat Sink Concept Antigrav Storage Unit Experimental Optical Array Experimental Active Sensor Suite Zeronet Interface Experimental Core Analyzer Experimental Weapon Cycler Concept Reaction Jets Concept Cloak Mesh Heavy Regenerative Plating > --- WEAPON ----------- Concept Plasma Driver Concept Helical Railcannon > --- INVENTORY -------- Micro Antimatter Reactor Experimental Antigrav System Experimental Antigrav System Experimental Antigrav System Gravjet Array Concept Thermoelectric Network Concept Chromion Battery Concept Chromion Battery Concept NT7 Matterbank Concept Weapon Articulator Experimental Armor Integrity Analyzer Experimental Kinecellerator Graphene Brace Experimental Shield Generator Concept Antimissile System Concept Matter Streamer Concept Impact Drone Bay Transdimensional Reconstructor Concept Plasma Driver Concept Plasma Driver Concept Plasma Driver Linear Accelerator Concept Helical Railcannon Concept Arcsight Missile Launcher [Rating: 296] Favorites ----------- Power Concept Zero-point Core Engine Light Angular Momentum Engine Power Core Concept Zero-point Core Reactor Micro Antimatter Reactor Propulsion Cooled Nuclear Pulse Thruster Treads Light Treads Leg Aluminum Leg Wheel Compact Wheel Hover Unit Gravjet Array Flight Unit Cooled Nuclear Pulse Thruster Utility System Mapper Device Experimental Weapon Cycler Storage Huge Storage Unit Processor Experimental Core Analyzer Hackware System Mapper Protection Improved Light Armor Plating Weapon Concept Helical Railcannon Energy Gun Small Laser Energy Cannon Concept Plasma Driver Ballistic Gun High-powered Shotgun Ballistic Cannon Concept Helical Railcannon Launcher Mini Smartbomb Launcher Special Weapon Improved Remote Datajack Impact Weapon Gravity Flail Slashing Weapon Chainsword Special Melee Weapon Datajack Build | -11 -10 -10 -9 -9 -9 -8 -8 -7 -7 -7 -7 -5 -5 -5 -5 -4 -4 -4 -4 -4 -4 -4 -3 -3 -3 -2 -2 -2 -1 -1 -1 ------- Run | Yrd Mat Min Mat Min Exi Min Mat Fac Sto Rec Scr Fac Upp Upp Zhi Pro Fac Was Fac Upp Upp War Pro Res Qua Res Tes Frg Acc Com Ac0 Slots Evolved 18 | . . . 2 . . . 2 2 . . . 4 . . . . 2 . . . . . . 2 . 2 . . 2 . . Power 2 | . . . . . . . . . . . . 1 . . . . . . . . . . . . . . . . 1 . . Propulsion 6 | . . . 1 . . . 1 . . . . 2 . . . . . . . . . . . 1 . 1 . . . . . Utility 10 | . . . 1 . . . 1 2 . . . 1 . . . . 2 . . . . . . 1 . 1 . . 1 . . Weapon . | . . . . . . . . . . . . . . . . . . . . . . . . . . . . . . . . Parts Attached 260 | 2 11 1 13 . 1 2 24 30 10 6 10 15 1 . 5 . 9 5 9 . . 12 . 7 4 2 7 49 6 12 7 Power 23 | . 1 1 1 . . . 6 2 2 . 1 1 . . . . . . 1 . . . . . . . . 6 1 . . Engine 9 | . 1 1 1 . . . 2 2 2 . . . . . . . . . . . . . . . . . . . . . . Core 10 | . . . . . . . 4 . . . 1 1 . . . . . . 1 . . . . . . . . 2 1 . . Reactor 4 | . . . . . . . . . . . . . . . . . . . . . . . . . . . . 4 . . . Propulsion 71 | . 3 . 4 . . 2 7 12 4 3 3 9 . . 2 . . 1 1 . . 2 . . . 2 . 13 . 3 . Treads 27 | . 2 . 2 . . 1 7 9 3 2 1 . . . . . . . . . . . . . . . . . . . . Leg . | . . . . . . . . . . . . . . . . . . . . . . . . . . . . . . . . Wheel 7 | . 1 . 2 . . 1 . 2 1 . . . . . . . . . . . . . . . . . . . . . . Hover 10 | . . . . . . . . . . . . . . . . . . . . . . . . . . . . 7 . 3 . Flight 27 | . . . . . . . . 1 . 1 2 9 . . 2 . . 1 1 . . 2 . . . 2 . 6 . . . Utility 111 | 1 2 . 4 . . . 7 9 3 2 5 4 1 . 3 . 9 3 6 . . 4 . 6 3 . 3 18 4 7 7 Device 54 | 1 . . 1 . . . 3 2 3 . 3 1 . . . . 3 3 4 . . 2 . 1 1 . . 12 3 5 6 Storage 10 | . 2 . . . . . . . . . 1 . . . 1 . 2 . . . . . . . 1 . 1 1 . . 1 Processor 13 | . . . . . . . 1 1 . 1 . . . . . . 2 . 1 . . . . 1 1 . . 4 . 1 . Hackware 14 | . . . . . . . . 1 . . . 3 . . 1 . 2 . 1 . . 1 . 3 . . 1 . 1 . . Protection 20 | . . . 3 . . . 3 5 . 1 1 . 1 . 1 . . . . . . 1 . 1 . . 1 1 . 1 . Artifact . | . . . . . . . . . . . . . . . . . . . . . . . . . . . . . . . . Weapon 55 | 1 5 . 4 . 1 . 4 7 1 1 1 1 . . . . . 1 1 . . 6 . 1 1 . 4 12 1 2 . Energy Gun 3 | . . . 1 . . . . . . . . . . . . . . . . . . 2 . . . . . . . . . Energy Cannon 10 | . . . . . . . . . 1 . . . . . . . . . . . . 1 . 1 . . 1 5 . 1 . Ballistic Gun 19 | 1 3 . 2 . . . 3 3 . . 1 . . . . . . . . . . 1 . . 1 . 1 3 . . . Ballistic Cannon 9 | . 2 . . . . . . 1 . . . . . . . . . . . . . 1 . . . . . 3 1 1 . Launcher 8 | . . . 1 . . . . 2 . . . 1 . . . . . 1 . . . . . . . . 2 1 . . . Special Weapon 1 | . . . . . . . . . . . . . . . . . . . . . . 1 . . . . . . . . . Impact Weapon 2 | . . . . . . . . 1 . . . . . . . . . . 1 . . . . . . . . . . . . Slashing Weapon 2 | . . . . . . . 1 . . 1 . . . . . . . . . . . . . . . . . . . . . Piercing Weapon . | . . . . . . . . . . . . . . . . . . . . . . . . . . . . . . . . Special Melee Weapon 1 | . . . . . 1 . . . . . . . . . . . . . . . . . . . . . . . . . . Unidentified Prototypes 24 | . 1 . 1 . . . 1 3 1 . . 1 . . 3 . . . 1 . . 8 . . . . . 3 1 . . Corrupted Parts 3 | . . . . . . . . . . . . . . . . . . . . . . . . . . . . . . 3 . System Corruption 23 | . . . . . . . . . . . . . . . . . . . . . . . . . . . . . . 23 . Parts Lost 32 | . . . 1 . . . 4 10 8 2 . . . . . . . . . . . 1 . . . . . 5 . . 1 Power 3 | . . . . . . . 1 2 . . . . . . . . . . . . . . . . . . . . . . . Propulsion 13 | . . . 1 . . . . 4 5 . . . . . . . . . . . . . . . . . . 3 . . . Utility 15 | . . . . . . . 3 3 3 2 . . . . . . . . . . . 1 . . . . . 2 . . 1 Weapon 1 | . . . . . . . . 1 . . . . . . . . . . . . . . . . . . . . . . . Highest Loss Streak 6 | . . . 1 . . . 1 2 6 1 . . . . . . . . . . . 1 . . . . . 1 . . 1 To Critical Strikes 1 | . . . . . . . . . 1 . . . . . . . . . . . . . . . . . . . . . . Average Backups 18 | 6 14 25 24 25 24 25 24 24 24 25 22 4 4 4 4 5 5 9 8 9 9 6 9 9 13 13 14 16 23 22 18 Power 1 | 1 . 1 1 1 2 2 1 1 2 3 3 . . . . . . . . . . . . . 1 1 2 1 . 2 2 Propulsion 4 | 4 2 6 7 9 9 9 9 8 7 6 6 1 1 1 1 1 1 1 1 2 2 1 3 2 2 1 2 2 4 3 4 Utility 6 | . 4 7 5 5 5 6 6 7 7 7 6 2 2 2 2 2 1 4 4 5 5 2 4 3 3 4 4 7 11 9 8 Weapon 5 | 1 6 9 9 8 8 8 6 7 7 7 6 1 1 1 1 1 1 2 1 1 1 2 1 1 3 3 3 4 5 5 2 Tool/Special . | . . . . . . . . . . . . . . . . . . . . . . . . . . . . . . . . Unused Backups 77 | . 7 2 7 1 . . 4 2 2 . 5 4 . . . . . 1 1 . . 2 . . 1 1 3 19 . 3 12 Power 9 | . 1 . . . . . . . 1 . 2 . . . . . . . . . . . . . . . . 1 . 1 3 Propulsion 17 | . 4 . 1 . . . 1 . . . . 2 . . . . . . . . . . . . . . . 5 . . 4 Utility 29 | . 1 1 1 . . . . . . . 1 2 . . . . . . 1 . . 1 . . . 1 1 12 . 2 5 Weapon 20 | . 1 1 5 1 . . 3 2 1 . 2 . . . . . . 1 . . . 1 . . . . 1 1 . . . Tool/Special 2 | . . . . . . . . . . . . . . . . . . . . . . . . . 1 . 1 . . . . Average Slot Usage (%) 91 | . 100 100 98 100 100 100 98 99 89 90 80 99 100 100 100 100 97 97 99 100 100 94 99 94 94 93 90 83 79 84 84 Engine 3 | . 14 14 9 11 11 11 5 5 6 7 6 . . . . . . . . . . . . . . . . . . . . Core 4 | . . . . . . . 3 1 . . . 11 11 11 11 11 10 10 9 10 10 8 9 8 8 8 8 3 11 12 12 Treads 10 | . 21 14 13 11 11 11 33 28 18 28 20 . . . . . . . . . . . . . . . . . . . . Wheel 2 | . 2 13 19 22 22 22 2 1 5 . . . . . . . . . . . . . . . . . . . . . . Hover 4 | . . . . . . . . . . . . . . . . . . . . . . . . . . . . 9 20 23 24 Flight 10 | . . . . . . . . . . . 9 34 35 35 35 35 31 30 31 31 31 31 31 27 27 28 25 13 . . . Device 11 | . 14 14 11 11 11 11 9 7 17 16 10 10 10 11 9 5 7 5 5 5 5 3 5 5 4 4 4 12 20 27 27 Storage 6 | . 14 14 11 11 11 11 9 7 7 7 7 . . . . . 1 5 5 5 5 5 5 4 4 4 4 4 4 4 4 Processor 8 | . . . . . . . 7 12 8 7 15 11 11 11 11 11 10 10 10 10 10 10 10 9 13 13 13 9 8 7 8 Hackware 6 | . . . . . . . . 7 1 . . 10 11 11 11 11 15 15 15 15 15 15 15 17 19 17 17 10 4 . . Protection 6 | . . . 10 11 11 11 8 8 6 5 7 5 5 5 6 11 9 9 9 10 10 9 10 8 4 7 7 3 4 3 4 Ballistic Gun 6 | . 18 21 16 22 17 22 17 13 7 6 . . . . . . . . . . . . . . . . . 1 . . . Ballistic Cannon 2 | . 7 6 5 . . . . 1 4 . . . . . . . . . . . . . . . . . . 3 4 4 3 Impact Weapon 1 | . . . . . . . . . . . . 5 5 5 5 4 5 3 5 5 5 3 5 4 2 4 3 1 . . . Peak Build Rating 296 | 7 15 19 23 23 23 25 36 47 44 44 40 85 86 85 89 89 108 109 117 116 116 126 124 141 156 170 176 265 296 296 288 Average Rating 125 | 6 12 17 20 22 21 23 29 42 40 39 33 71 84 85 85 88 101 105 111 116 116 113 121 137 147 168 168 227 284 288 271 On Entrance 95 | 6 7 15 17 22 23 23 25 33 39 44 35 40 85 85 85 89 89 104 106 116 116 116 122 122 141 156 170 171 265 296 287 Avg Prop Armor Cover (%) . | . 1 11 8 8 8 8 2 2 8 . 1 . . . . . . . . . . . . . . . . . . . . Naked Turns . | . . . . . . . . . . . . . . . . . . . . . . . . . . . . . . . . Heaviest Build 130 | 11 90 98 102 100 100 100 101 122 124 117 101 25 25 21 21 25 31 36 32 32 32 41 36 38 48 56 63 116 130 130 128 Greatest Support 128 | 20 40 16 32 32 32 32 86 92 62 80 60 48 48 48 36 48 36 40 48 36 36 50 38 60 60 72 72 122 122 128 128 Greatest Overweight (x) 11 | . 5 6 6 3 3 3 6 11 11 11 1 . . . . . . . . . . 1 . 1 . 1 1 3 1 1 1 Average Overweight (x) . | . . 5 3 3 3 3 1 2 5 1 1 . . . . . . . . . . . . . . . . . . . . Largest Inventory Capacity 25 | 8 25 25 25 25 25 25 25 25 25 25 25 15 5 5 5 5 10 10 10 10 10 10 10 10 15 15 15 25 25 25 25 Average Capacity 20 | 8 16 25 25 25 25 25 25 25 25 25 24 5 5 5 5 5 6 10 10 10 10 10 10 10 14 15 15 19 25 25 19 Most Carried 25 | 7 25 25 25 25 25 25 25 25 25 25 25 13 5 5 5 5 9 10 10 10 10 10 10 10 15 15 15 25 25 25 25 Average Carried 19 | 6 14 24 24 24 24 25 24 24 24 24 22 5 5 5 4 5 5 9 9 10 10 7 10 9 14 14 14 17 24 23 19 Final Capacity 25 | 8 25 25 25 25 25 25 25 25 25 25 15 5 5 5 5 5 10 10 10 10 10 10 10 10 15 15 15 25 25 25 15 Final Carried 25 | 7 25 25 25 25 25 25 25 25 25 25 14 5 5 5 5 5 8 10 10 10 10 10 10 10 15 15 15 25 25 25 15 Class Distribution -------------------- 26% | Scavenger-Mutant 18% | Mutant 13% | Hacker-Scout 13% | Wizard-Scout 12% | Scavenger-Scout 5% | Scavenger-Sprinter Dominant Class ---------------- Mutant | -10/Materials Mutant | -10/Mines Mutant | -9/Materials Mutant | -9/Mines Mutant | -9/Exiles Mutant | -8/Mines Mutant | -8/Materials Scavenger-Mutant | -7/Factory Scavenger-Mutant | -7/Storage Scavenger-Mutant | -7/Recycling Scavenger-Mutant | -7/Scraptown Hacker-Scout | -5/Factory Hacker-Scout | -5/Upper Caves Hacker-Scout | -5/Upper Caves Hacker-Scout | -5/Zhirov Hacker-Scout | -4/Proximity Caves Hacker-Scout | -4/Factory Hacker-Scout | -4/Waste Hacker-Scout | -4/Factory Hacker-Scout | -4/Upper Caves Hacker-Scout | -4/Upper Caves Hacker-Scout | -4/Warlord Hacker-Scout | -3/Proximity Caves Wizard-Scout | -3/Research Wizard-Scout | -3/Quarantine Wizard-Scout | -2/Research Wizard-Scout | -2/Testing Scavenger-Scout | -2/Protoforge Hacker-Scout | -1/Access Scavenger-Sprinter | -1/Command Scavenger-Sprinter | -1/Access_0 Resources | -11 -10 -10 -9 -9 -9 -8 -8 -7 -7 -7 -7 -5 -5 -5 -5 -4 -4 -4 -4 -4 -4 -4 -3 -3 -3 -2 -2 -2 -1 -1 -1 ----------- Run | Yrd Mat Min Mat Min Exi Min Mat Fac Sto Rec Scr Fac Upp Upp Zhi Pro Fac Was Fac Upp Upp War Pro Res Qua Res Tes Frg Acc Com Ac0 Matter Collected 27482 | 234 421 207 764 48 40 236 1430 2006 450 187 255 194 50 . . 50 192 278 357 100 12 627 84 176 439 150 455 11679 595 1425 4341 Remotely 2450 | . . . . . . . . . . . . . . . . . . . . . . . . . . . . 755 . . 1695 Salvage Created 30046 | 176 579 348 1337 132 . 221 1593 2584 601 722 . 409 . . . 9 383 1089 520 88 . 567 76 192 677 555 433 12250 515 1580 2410 Parts 1235 | 19 32 13 94 10 . 21 87 109 21 27 . 20 . . . 5 8 10 18 . . 8 3 2 20 10 7 529 25 38 99 Haulers Intercepted 28 | . 2 . 5 . . . 3 2 2 . . 1 . . . . 1 . 4 . . . . 2 1 5 . . . . . Recyclers Shooed 9 | 2 . 2 1 . . . 1 1 . 1 . 1 . . . . . . . . . . . . . . . . . . . Parts Field Recycled . | . . . . . . . . . . . . . . . . . . . . . . . . . . . . . . . . Retrieved Matter . | . . . . . . . . . . . . . . . . . . . . . . . . . . . . . . . . Parts Self-Destructed 31 | . . . . . . . . . . . . . . . . 2 . . . . 8 . 21 . . . . . . . . Prevented . | . . . . . . . . . . . . . . . . . . . . . . . . . . . . . . . . Parts Restored 8 | . . . . . . . . . . . . . . . . . . . . . . . . . . . . 8 . . . Faulty 8 | . . . . . . . . . . . . . . . . . . . . . . . . . . . . 8 . . . Kills | -11 -10 -10 -9 -9 -9 -8 -8 -7 -7 -7 -7 -5 -5 -5 -5 -4 -4 -4 -4 -4 -4 -4 -3 -3 -3 -2 -2 -2 -1 -1 -1 ------- Run | Yrd Mat Min Mat Min Exi Min Mat Fac Sto Rec Scr Fac Upp Upp Zhi Pro Fac Was Fac Upp Upp War Pro Res Qua Res Tes Frg Acc Com Ac0 Combat Hostiles Destroyed 448 | . 13 4 23 2 . 8 35 34 8 5 . 1 . . . 5 . 6 1 . . 15 2 . 4 . 3 219 13 10 37 Melee 9 | . . . . . . . . 3 . 1 . . . . . . . . . . . . . . 2 . . 3 . . . Guns 116 | . 3 2 15 2 . 8 32 21 4 2 . . . . . . . . . . . 2 . . . . . 25 . . . Cannons 223 | . 10 2 4 . . . . 2 3 2 . . . . . . . . . . . 8 . . 1 . . 145 4 7 35 AOE 87 | . . . 4 . . . 3 4 1 . . 1 . . . 5 . 6 . . . 5 2 . . . 3 46 7 . . Classes Destroyed 26 | 2 6 . 3 . . 1 . 2 1 . . . . . . . . 1 . . . 3 . . . . . 7 . . . Worker 23 | . 2 2 5 2 . 1 3 4 . . . . . . . . . . . . . . . . . . 2 . 2 . . Builder 15 | . 1 . 2 . . . . 1 . . . 3 . . . . . . 2 . . . . . 2 . 2 . 2 . . Tunneler 8 | 5 1 . . 1 . 1 . . . . . . . . . . . . . . . . . . . . . . . . . Hauler 28 | . 2 . 5 . . . 3 2 2 . . 1 . . . . 1 . 4 . . . . 2 1 5 . . . . . Recycler 35 | 1 1 2 4 . . 1 3 10 2 5 . 2 . . . . 1 . . . . . . . 1 . 2 . . . . Mechanic 11 | . . . . . . . . . 1 . . . . . . . . . . . . . . . 1 . . 8 . 1 . Operator 9 | . 2 . 1 . . . 1 3 . . . 2 . . . . . . . . . . . . . . . . . . . Drone 12 | . . . . . . . . . . . . . . . . . . . . . . . . . . . . 12 . . . Watcher 28 | . . . 2 . . . 3 4 . . . 1 . . . . 4 . 2 . . . . . 2 2 1 4 1 2 . Swarmer 65 | . 6 . 7 . . 5 4 3 . . . . . . . 5 . . . . . 1 . . 3 . . 31 . . . Cutter 4 | . . . . . . . . . . . . . . . . . . . . . . . . . . . . . 4 . . Saboteur 5 | . . . . . . . . . . . . . . . . . . . . . . . . . . . . 4 1 . . Grunt 111 | . 7 4 12 2 . 2 23 11 3 1 . . . . . . . . 1 . . 6 . . . . 3 34 2 . . Brawler 13 | . . . 1 . . . 1 . 1 . . . . . . . . . . . . 2 . . . . . 7 1 . . Duelist 12 | . . . . . . . . 2 . . . . . . . . . . . . . 1 . . . . . 8 1 . . Protector 19 | . . . . . . . . . . . . . . . . . . . . . . 2 . . . . . 17 . . . Researcher 6 | . . . . . . . . . . . . . . . . . . . . . . . . . . . . 6 . . . Sentry 34 | . . . 3 . . . 6 8 3 4 . . . . . . . . . . . . . . . . . 10 . . . Specialist 3 | . . . . . . . . . . . . . . . . . . . . . . 1 . . . . . . . 2 . Hunter 27 | . . . . . . 1 1 . 1 . . 1 . . . . . . . . . 1 2 . . . . 20 . . . Programmer 38 | . . . . . . . . 10 . . . . . . . . . . . . . . . . . . . 24 2 2 . Compactor 6 | . . . . . . . . . . . . . . . . . . 6 . . . . . . . . . . . . . S7 Guard 1 | . . . . . . . . . . . . . . . . . . . . . . . . . . . . . 1 . . M Guard 2 | . . . . . . . . . . . . . . . . . . . . . . . . . . . . . . 2 . Enhanced Grunt 23 | . . . . . . . . . . . . . . . . . . . . . . . . . . . . . . . 23 Enhanced Sentry 2 | . . . . . . . . . . . . . . . . . . . . . . . . . . . . . . . 2 Enhanced Hunter 8 | . . . . . . . . . . . . . . . . . . . . . . . . . . . . . . . 8 Decapitator 8 | . . . . . . . . . . . . . . . . . . . . . . . . . . . . 8 . . . Immortal 3 | . . . . . . . . . . . . . . . . . . . . . . . . . . . . 3 . . . Combat Programmer 3 | . . . . . . . . . . . . . . . . . . . . . . . . . . . . . 1 2 . Striker 20 | . . . . . . . . . . . . . . . . . . . . . . 1 . . . . . 19 . . . Executioner 20 | . . . . . . . . . . . . . . . . . . . . . . . . . . . . 20 . . . Elite 3 | . . . . . . . . . . . . . . . . . . . . . . . . . . . . 3 . . . Scrapoid 4 | . . . . . . . . . . . . . . . . . . . . . . . . . . . . 4 . . . Packrat 1 | . . . . . . . . . . . . . . . . . . . . 1 . . . . . . . . . . . Best Kill Streak 16 | 5 3 2 7 4 . 3 8 4 3 8 . 5 . . . 5 1 4 2 . . 4 2 1 4 3 6 16 6 5 7 Combat Bots Only 16 | . 3 2 7 2 . 3 4 4 3 2 . 1 . . . 5 . 4 1 . . 4 2 . 4 . 3 16 5 5 7 Max Kills in Single Turn 5 | 1 2 1 4 2 . 1 2 2 2 1 . 2 . . . 4 1 1 1 1 . 2 1 1 1 1 3 5 5 1 1 Gunslinging 1 | . . . 1 . . . 1 . . . . . . . . . . . . . . . . . . . . . . . . Exploded 5 | . . . 4 . . . 2 2 1 . . 1 . . . 4 . 1 . . . 2 1 . . . 3 5 3 . . Melee 1 | . . . . . . . . 1 . 1 . . . . . . . . . . . . . . 1 . . 1 . . . Uniques/NPCs Destroyed 8 | . . . . . . . . . . . . . . . . . . . . . . . . . 1 . . . 1 2 4 DW-4LL (-3/Quarantine) CL-0N3 (-1/Access) MAIN.C Shell (-1/Command) MAIN.C (-1/Command) A8 (-1/Access_0) A6 (-1/Access_0) A5 (-1/Access_0) Architect (-1/Access_0) Combat | -11 -10 -10 -9 -9 -9 -8 -8 -7 -7 -7 -7 -5 -5 -5 -5 -4 -4 -4 -4 -4 -4 -4 -3 -3 -3 -2 -2 -2 -1 -1 -1 -------- Run | Yrd Mat Min Mat Min Exi Min Mat Fac Sto Rec Scr Fac Upp Upp Zhi Pro Fac Was Fac Upp Upp War Pro Res Qua Res Tes Frg Acc Com Ac0 Hostile Shots Fired 2256 | . 38 22 83 5 . 36 175 535 182 133 . 23 6 1 . 4 4 . 17 . 1 18 . 6 37 20 53 110 37 90 620 Missed 1089 | . 13 6 19 2 . 7 36 197 81 39 . 15 4 . . 1 2 . 11 . 1 5 . 2 12 12 23 59 21 41 480 Intercepted 14 | . . . . . . . . . . . . . . . . . . . . . . . . . . . . . . 14 . Hits 1167 | . 25 16 64 3 . 29 139 338 101 94 . 8 2 1 . 3 2 . 6 . . 13 . 4 25 8 30 51 16 49 140 Melee 26 | . . . . . . . . 10 10 . . . . . . . . . . . . . . . . . . 4 2 . . Projectile 1141 | . 25 16 64 3 . 29 139 328 91 94 . 8 2 1 . 3 2 . 6 . . 13 . 4 25 8 30 47 14 49 140 AOE 4 | . . . . . . . . . . . . . . . . . . . . . . . . . . . . 3 . 1 . Critical Strikes 50 | . 1 . 1 . . . 4 6 5 2 . . . 1 . . . . . . . . . . 1 . . 7 2 3 17 Actively Blocked 7 | . . . . . . . . . . . . . . . . . . . . . . . . . . . . 3 1 3 . Part Disruptions 9 | . . . . . . . . . . . . . . . . . . . . . . . . . . . . . . 3 6 Damage Taken 16366 | . 260 208 572 26 . 240 1595 3014 1010 678 . 140 36 19 . 43 28 . 100 . . 333 . 77 560 141 590 1948 532 1298 2918 Core 1707 | . 39 56 113 . . 33 245 273 92 69 . 17 . 19 . . . . 42 . . 89 . . 66 24 26 160 . . 344 Absorbed by Shields 2570 | . . . 157 10 . 92 477 301 84 111 . . . . . . . . . . . . . . . . . . . 452 886 Redirected to Shielding 207 | . . . . . . . 38 . . . . . . . . 15 . . 36 . . 41 . 14 22 . 41 . . . . Ignored by Resistances 337 | . . . . . . . . 290 44 . . . . . . . . . . . . 3 . . . . . . . . . Regen/Repaired (Parts) 5070 | . . . 39 . . . 22 . . . . . . . . . 136 85 151 . . . . 78 293 . 250 1132 126 533 2225 Core Remaining (%) 72 | 100 . 62 . . . 63 55 . . . 38 . . . . 96 . . . . . . 88 . 94 . . 76 . . 53 Volleys Fired 1607 | 18 50 25 76 6 . 27 124 133 45 21 . 1 . . . 3 . 18 . . . 69 3 2 53 28 44 564 48 72 177 Largest 2 | 2 2 2 2 2 . 2 2 2 2 2 . 1 . . . 1 . 1 . . . 1 1 1 1 1 1 2 2 2 2 Hottest 280 | 80 66 66 68 50 . 50 50 78 93 93 . 39 . . . 39 . 49 . . . 100 49 113 113 113 200 210 210 210 280 Shots Fired 2521 | 36 100 50 151 12 . 54 245 261 87 34 . 1 . . . 3 . 18 . . . 69 3 2 53 28 44 918 58 95 199 Gun 1172 | 36 72 34 124 12 . 54 241 229 42 19 . . . . . . . . . . . 20 . . 23 . 6 260 . . . Cannon 1241 | . 28 16 26 . . . . 20 43 15 . . . . . . . . . . . 30 . 2 30 28 33 621 55 95 199 Launcher 103 | . . . 1 . . . 4 12 2 . . 1 . . . 3 . 18 . . . 14 3 . . . 5 37 3 . . Special 5 | . . . . . . . . . . . . . . . . . . . . . . 5 . . . . . . . . . Kinetic 2068 | 14 96 50 149 12 . 54 241 249 79 19 . . . . . . . . . . . . . . 23 . . 866 20 52 144 Thermal 285 | 22 4 . . . . . . . 6 15 . . . . . . . . . . . . . 2 30 28 33 15 35 43 52 Explosive 103 | . . . 1 . . . 4 12 2 . . 1 . . . 3 . 18 . . . 14 3 . . . 5 37 3 . . Electromagnetic 4 | . . . 1 . . . . . . . . . . . . . . . . . . . . . . . . . . . 3 Impact 6 | . . . . . . . . . . . . . . . . . . . . . . . . . . . 6 . . . . Entropic 50 | . . . . . . . . . . . . . . . . . . . . . . 50 . . . . . . . . . Robot Hit Streak 75 | 10 12 11 12 3 . 10 27 23 13 17 . . . . . . . 10 . . . 6 . . 20 . 27 75 18 24 35 Robot Miss Streak 6 | 3 5 2 4 2 . 4 6 2 5 2 . . . . . . . 2 . . . 4 . . 2 . 5 3 1 4 2 Penetration Max 2 | . . . . . . . . . . . . . . . . . . . . . . 1 . . . . . 2 1 1 1 Secondary Targets 15 | . 1 . 5 . . 1 4 . . . . . . . . . . . . . . . . . . . . 4 . . . Max Gunslinging Chain 1 | . 1 . 1 . . 1 1 . . . . . . . . . . . . . . . . . . . . 1 . . . Shots Hit Robots 1914 | 24 67 38 107 9 4 37 199 226 57 35 . 11 . . . . 6 4 11 1 . 34 . 7 68 10 15 700 30 52 162 Core Hits 1037 | 11 27 12 56 6 . 19 105 86 27 12 . 6 . . . 7 1 11 4 . . 52 4 1 18 3 21 423 26 29 70 Critical Kills 58 | . . . 1 . . . 1 . . 1 . . . . . . . . 1 . . . . . . 2 . 44 3 5 . Critical Parts Destroyed 100 | . . . . . . . 3 8 . . . 2 . . . . 4 . 2 . . 3 . 1 5 1 2 62 2 5 . Critical Strikes 204 | . . 1 1 . . . 4 9 2 1 . 2 . . . . 4 . 3 . . 18 . 1 10 3 2 114 5 11 13 Meltdown 6 | . . . . . . . . . . . . . . . . . . . . . . . . . . . . . 3 3 . Destroy 137 | . . . 1 . . . 4 1 . 1 . . . . . . . . . . . . . . 8 . . 112 2 8 . Blast 17 | . . 1 . . . . . 1 2 . . . . . . . . . . . . . . . . . . . . . 13 Smash 26 | . . . . . . . . 7 . . . 2 . . . . 4 . 3 . . . . 1 2 3 2 2 . . . Detonate 3 | . . . . . . . . . . . . . . . . . . . . . . 3 . . . . . . . . . Sunder 15 | . . . . . . . . . . . . . . . . . . . . . . 15 . . . . . . . . . Melee Attacks 451 | . . . . . 4 . 4 41 . 7 . 39 16 3 . 3 26 . 42 18 42 11 1 34 36 55 37 32 . . . Impact 336 | . . . . . . . . 41 . . . 24 12 2 . 3 15 . 30 14 33 4 . 20 14 55 37 32 . . . Slashing 111 | . . . . . . . 4 . . 7 . 15 4 1 . . 11 . 12 4 9 7 1 14 22 . . . . . . Piercing . | . . . . . . . . . . . . . . . . . . . . . . . . . . . . . . . . Sneak Attacks 60 | . . . . . 4 . . 2 . 6 . 6 . . . . 4 . 7 1 . 1 . 5 7 6 7 4 . . . Combat Hostiles . | . . . . . . . . . . . . . . . . . . . . . . . . . . . . . . . . Follow-up Attacks 13 | . . . . . . . . . . . . 3 . . . . 1 . 2 . . 1 . 2 4 . . . . . . Damage Inflicted 117746 | 205 1146 627 2154 149 . 649 4249 5788 1470 1092 . 1295 . . . 594 418 3726 991 228 . 4684 367 765 2759 1126 1845 56013 3361 4190 17855 Guns 21417 | 199 723 379 1575 149 . 649 3820 3719 645 342 . . . . . . . . . . . 1046 . . 163 . 165 7843 . . . Cannons 65596 | . 403 248 366 . . . . 325 580 298 . . . . . . . . . . . 1822 . . 1115 . . 36790 1604 4190 17855 Explosions 21422 | . . . 213 . . . 389 529 245 . . 495 . . . 594 . 3726 . . . 1699 367 . . . 659 10749 1757 . . Melee 9185 | . . . . . . . . 1161 . 446 . 800 . . . . 418 . 991 228 . 117 . 765 1481 1126 1021 631 . . . Ramming 126 | 6 20 . . . . . 40 54 . 6 . . . . . . . . . . . . . . . . . . . . . Kinetic 76357 | 84 1116 627 1941 149 . 649 3820 4044 1145 342 . . . . . . . . . . . . . . 163 . . 44307 767 3079 14124 Thermal 7994 | 115 10 . . . . . . . 80 298 . . . . . . . . . . . 477 . . 1115 . . 326 837 1111 3625 Explosive 20945 | . . . 213 . . . 389 529 245 . . 495 . . . 594 . 3726 . . . 1222 367 . . . 659 10749 1757 . . Electromagnetic 106 | . . . . . . . . . . . . . . . . . . . . . . . . . . . . . . . 106 Impact 6956 | . . . . . . . . 1161 . . . 318 . . . . 253 . 736 228 . 32 . 697 588 1126 1186 631 . . . Slashing 2394 | . . . . . . . . . . 446 . 482 . . . . 165 . 255 . . 85 . 68 893 . . . . . . Piercing . | . . . . . . . . . . . . . . . . . . . . . . . . . . . . . . . . Entropic 2868 | . . . . . . . . . . . . . . . . . . . . . . 2868 . . . . . . . . . Highest Corruption 32 | . . . . . . . 2 14 32 32 32 . . . . . 1 1 5 5 5 5 . 1 1 . 1 6 . 9 . Average Corruption 6 | . . . . . . . 1 5 29 32 32 . . . . . 1 1 2 5 5 5 . 1 1 . 1 1 . 3 . Corruption Purged 33 | . . . . . . . 2 . . . . . . . . . . . . . . . . . . . . 6 . 25 . Corruption Blocked . | . . . . . . . . . . . . . . . . . . . . . . . . . . . . . . . . Effects 221 | . . . . . . . 7 90 26 42 . . . . . . . 2 15 5 4 . . 2 8 . 2 10 . 8 . Message Errors 50 | . . . . . . . . 20 5 9 . . . . . . . . 2 1 2 . . 1 4 . . 5 . 1 . Matter Fused 53 | . . . . . . . 2 25 5 8 . . . . . . . 1 3 2 . . . . 1 . 2 2 . 2 . Heat Flow Errors 25 | . . . . . . . 1 11 4 3 . . . . . . . . 2 . 1 . . . 1 . . 1 . 1 . Energy Discharges 26 | . . . . . . . 1 9 4 5 . . . . . . . . 3 1 . . . . 1 . . 2 . . . Parts Rejected 7 | . . . . . . . . 4 . . . . . . . . . 1 . 1 . . . . . . . . . 1 . Parts Fused 1 | . . . . . . . . . . . . . . . . . . . 1 . . . . . . . . . . . . Data Loss (minor) 25 | . . . . . . . 1 10 1 9 . . . . . . . . 2 . 1 . . . . . . . . 1 . Data Loss (major) 10 | . . . . . . . . 2 2 3 . . . . . . . . 1 . . . . . 1 . . . . 1 . Misfires 6 | . . . . . . . 2 2 1 . . . . . . . . . . . . . . . . . . . . 1 . Alerts 8 | . . . . . . . . 3 2 1 . . . . . . . . 1 . . . . 1 . . . . . . . Misdirections 2 | . . . . . . . . 1 . 1 . . . . . . . . . . . . . . . . . . . . . Weapon Failures 8 | . . . . . . . . 3 2 3 . . . . . . . . . . . . . . . . . . . . . Overload Shots . | . . . . . . . . . . . . . . . . . . . . . . . . . . . . . . . . Overflow Damage 7419 | . 4 12 4 . . . . 546 . 170 . 458 . . . 125 307 . 455 219 . 198 . 183 491 350 616 1978 239 153 911 Projectiles 2821 | . 4 12 . . . . . 8 . 25 . . . . . . . . . . . 182 . . . . . 1336 190 153 911 Explosions 490 | . . . 4 . . . . . . . . 41 . . . 125 . . . . . 16 . . . . . 255 49 . . Melee 4108 | . . . . . . . . 538 . 145 . 417 . . . . 307 . 455 219 . . . 183 491 350 616 387 . . . Knockbacks 163 | . 4 3 1 . . . . 10 2 . . 2 . . . . 1 . 1 . . . . . 4 . 4 45 5 8 73 Impact 15 | . . . . . . . . 3 . . . 2 . . . . 1 . 1 . . . . . 4 . 4 . . . . Kinetic 134 | . 4 2 1 . . . . 7 2 . . . . . . . . . . . . . . . . . . 44 5 8 61 Secondary 14 | . . 1 . . . . . . . . . . . . . . . . . . . . . . . . . 1 . . 12 Self-Inflicted Damage 92 | . . . . . . . 21 . . . . . . . . . . . . . . 40 . . . . . 31 . . . Shots 3 | . . . . . . . 1 . . . . . . . . . . . . . . 1 . . . . . 1 . . . Rammed 13 | . 3 . . . . . 4 4 . 2 . . . . . . . . . . . . . . . . . . . . . Targets Rammed 22 | 2 6 . . . . . 6 6 . 2 . . . . . . . . . . . . . . . . . . . . . Kicked 3 | 2 1 . . . . . . . . . . . . . . . . . . . . . . . . . . . . . . Crushed 6 | . 2 . . . . . 2 2 . . . . . . . . . . . . . . . . . . . . . . . Highest Temperature 457 | 80 285 147 117 4 . 4 204 249 265 136 . 231 165 . 14 84 2 14 179 3 78 152 28 160 173 168 286 178 226 457 282 Average Temperature 54 | 40 38 60 45 2 . 3 17 53 96 37 . 91 117 . 8 58 2 5 50 3 41 39 7 75 71 45 73 45 80 103 49 Received Heat Transfer 2818 | . 123 120 252 14 . 6 716 829 162 273 . 27 . 27 . . . . 42 . . 27 . . . . 45 66 45 24 20 Thermoelectric Energy+ 133 | . . . . . . . . . . . . . . . . . . . . . . . . . . . . . . . 133 Effects 6 | . 2 . . . . . . . . . . . . . . . . . . . . . . . . . 1 . 1 1 1 Energy Bleed 3 | . . . . . . . . . . . . . . . . . . . . . . . . . . . 1 . 1 . 1 Interference 2 | . 2 . . . . . . . . . . . . . . . . . . . . . . . . . . . . . . Matter Decay 1 | . . . . . . . . . . . . . . . . . . . . . . . . . . . . . . 1 . Siege Activations . | . . . . . . . . . . . . . . . . . . . . . . . . . . . . . . . . Martial Activations . | . . . . . . . . . . . . . . . . . . . . . . . . . . . . . . . . Shielding Activations . | . . . . . . . . . . . . . . . . . . . . . . . . . . . . . . . . Robots Disrupted . | . . . . . . . . . . . . . . . . . . . . . . . . . . . . . . . . Combat Hostiles . | . . . . . . . . . . . . . . . . . . . . . . . . . . . . . . . . Robots Corrupted 27 | . . . . . . . . 7 . . . 2 . . . . 2 . 4 . . . . 1 4 3 2 . . . 2 Combat Hostiles 8 | . . . . . . . . 4 . . . . . . . . . . 1 . . . . . 1 . . . . . 2 Parts Fried 41 | . . . . . . . . 11 . . . 3 . . . . 3 . 4 . . . . . 6 4 3 1 . . 6 Impact Corruptions 80 | . . . . . . . . 19 . . . 3 . . . . 5 . 5 2 . . . 3 11 6 17 5 . . 4 Robots Melted 6 | . . . . . . . . . . . . . . . . . . . . . . . . . . . . . 3 3 . Combat Hostiles 5 | . . . . . . . . . . . . . . . . . . . . . . . . . . . . . 2 3 . Parts Melted 12 | . . . 1 . . . . . . 1 . . . . . . . . . . . . . . . . . 2 . 8 . Heat Transferred 4106 | 275 25 . . . . . . . 111 407 . . . . . . . . . . . 301 . . 280 . . 175 486 705 1341 Parts Sabotaged . | . . . . . . . . . . . . . . . . . . . . . . . . . . . . . . . . Parts Stolen . | . . . . . . . . . . . . . . . . . . . . . . . . . . . . . . . . Parts Stripped . | . . . . . . . . . . . . . . . . . . . . . . . . . . . . . . . . Power Chain Reactions . | . . . . . . . . . . . . . . . . . . . . . . . . . . . . . . . . Alert | -11 -10 -10 -9 -9 -9 -8 -8 -7 -7 -7 -7 -5 -5 -5 -5 -4 -4 -4 -4 -4 -4 -4 -3 -3 -3 -2 -2 -2 -1 -1 -1 ------- Run | Yrd Mat Min Mat Min Exi Min Mat Fac Sto Rec Scr Fac Upp Upp Zhi Pro Fac Was Fac Upp Upp War Pro Res Qua Res Tes Frg Acc Com Ac0 Maximum Alert Level 5 | . . . 2 . . . 1 2 1 . . 2 . . . . 2 1 3 . . . . . . 1 1 5 5 5 . Low Security (%) 47 | 100 100 100 30 100 . 100 77 61 7 100 . 20 . . . . . 83 15 . . . . 100 100 64 97 13 . . . Level 1 13 | . . . 51 . . . 22 19 92 . . 75 . . . . 80 16 1 . . . . . . 35 2 4 . . . Level 2 11 | . . . 18 . . . . 19 . . . 4 . . . . 19 . 17 . . . . . . . . 26 . . . Level 3 5 | . . . . . . . . . . . . . . . . . . . 65 . . . . . . . . 12 . . . Level 4 1 | . . . . . . . . . . . . . . . . . . . . . . . . . . . . 5 . . . Level 5 18 | . . . . . . . . . . . . . . . . . . . . . . . . . . . . 38 45 95 . High Security 3 | . . . . . . . . . . . . . . . . . . . . . . . . . . . . . 54 4 . Max Security . | . . . . . . . . . . . . . . . . . . . . . . . . . . . . . . . . Peak Influence 5094 | 10 197 54 459 176 . 78 336 697 312 102 . 522 . . . . 426 209 888 . . . . 57 89 352 215 5094 4422 3071 . Initial 3056 | . . 54 1 176 . . 20 149 214 45 . . . . . . 365 110 90 . . . . 33 12 4 58 80 3056 2829 . Average 770 | 2 112 8 250 51 . 25 107 220 250 36 . 228 . . . . 354 168 647 . . . . 15 25 142 103 1518 3908 2891 . Influence Increases 19966 | 30 422 141 813 125 . 254 1140 1352 304 263 . 734 30 . . 125 549 159 1559 . 15 448 247 246 312 960 766 6304 1662 637 369 Destroy 0b10 Robot/C 8420 | . 260 80 460 80 . 180 700 680 160 100 . 20 . . . 100 . . 360 . . 260 140 20 60 . 80 3980 500 200 . Destroy 0b10 Robot/NC 945 | 30 45 20 95 20 . 15 65 120 25 25 . 45 . . . . 30 . 45 . . 10 . 10 35 35 35 200 25 15 . Destroy Leader 1438 | . 64 20 94 10 . 40 172 222 54 . . 14 . . . 10 10 . 62 . . . 30 14 16 10 22 488 62 24 . Allied During Kill 514 | . . . . 15 . 4 . . . . . . . . . . . . 364 . . 43 62 3 . . 8 . 15 . . Successful Hack 509 | . 5 6 24 . . . 29 15 . . . 3 . . . . 63 . 77 . . . . 73 39 54 26 75 20 . . Select Force Hacks 330 | . . . 60 . . . 60 . . 120 . . . . . . 30 . 30 . . . . . . 30 . . . . . Disable Machine 1230 | . 30 15 . . . . 60 60 15 15 . 180 . . . . 30 . . . . . . . 30 . 120 495 15 90 75 Anti-Garrison Action 50 | . . . . . . . . . . . . . . . . . . . . . . . . . . . . . . 50 . Destroy Structure 2420 | . 3 . 20 . . . 24 45 35 3 . 112 . . . . 26 144 156 . . . . 36 12 156 235 586 305 228 294 Advance Influence 300 | . . . . . . . . . . . . . . . . . 300 . . . . . . . . . . . . . . Partial Spotted 720 | . . . . . . . . . . . . 30 . . . . 60 15 60 . . . . 90 45 180 150 60 . 30 . Lose Combat Pursuer 2490 | . 15 . 60 . . 15 30 210 15 . . 330 30 . . 15 . . 405 . 15 135 15 . 75 495 90 420 120 . . Active Sensor Use 600 | . . . . . . . . . . . . . . . . . . . . . . . . . . . . . 600 . . Influence Decreases 19607 | 30 282 275 366 488 90 200 864 1210 660 379 . 212 254 87 211 20 338 346 809 456 181 583 320 273 326 864 727 1353 2334 1733 3336 Entered New Map 9631 | . . 86 5 277 90 . 34 181 258 71 . . 194 57 211 . 40 206 39 326 81 257 122 16 10 4 46 63 2038 1593 3326 Time Decay 7035 | 30 282 184 351 205 . 180 530 629 222 258 . 212 60 30 . 20 198 130 380 120 100 316 168 218 285 360 371 770 286 140 . Search Patrol Dispatched 300 | . . . . . . . . . . . . . . . . . 100 . . . . . . . . 200 . . . . . Lost Part 310 | . . . 10 . . . 30 100 80 20 . . . . . . . . . . . 10 . . . . . 50 . . 10 Lost Ally 690 | . . 5 . 6 . 20 . . 100 30 . . . . . . . 10 390 10 . . 30 39 10 . 10 20 10 . . Purge Threat 1641 | . . . . . . . 270 300 . . . . . . . . . . . . . . . . 21 300 300 450 . . . Squads Dispatched 147 | . 2 . 4 1 . . 6 14 3 . . 9 . . . . 5 . 19 . . . . 7 4 10 7 11 40 5 . Investigation 45 | . . . 2 . . . 3 1 . . . 6 . . . . 4 . 7 . . . . 3 . 3 1 7 8 . . Extermination 26 | . . . . . . . . 9 . . . 2 . . . . 1 . 2 . . . . 1 2 2 4 . 2 1 . Reinforcement 38 | . 2 . 2 . . . 3 1 3 . . 1 . . . . . . 4 . . . . 3 2 5 2 4 4 2 . Assault 32 | . . . . 1 . . . . . . . . . . . . . . 3 . . . . . . . . . 26 2 . Garrison 6 | . . . . . . . . 3 . . . . . . . . . . 3 . . . . . . . . . . . . Intercept . | . . . . . . . . . . . . . . . . . . . . . . . . . . . . . . . . Searches Triggered 3 | . . . . . . . . . . . . . . . . . 1 . . . . . . . . 2 . . . . . Unchained Authorized 3 | . . . . . . . . . . . . . . . . . . . . . . . . . 1 . 1 . 1 . . Construction Impeded 1 | . . . . . . . . . . . . . . . . . . . 1 . . . . . . . . . . . . Haulers Reinforced 6 | . . . . . . . . . . . . 1 . . . . . . 1 . . . . 2 . 2 . . . . . Active Scanning Responses 6 | . . . . . . . . . . . . . . . . . . . . . . . . . . . . . 6 . . Cargo Convoy Interrupts . | . . . . . . . . . . . . . . . . . . . . . . . . . . . . . . . . Stealth | -11 -10 -10 -9 -9 -9 -8 -8 -7 -7 -7 -7 -5 -5 -5 -5 -4 -4 -4 -4 -4 -4 -4 -3 -3 -3 -2 -2 -2 -1 -1 -1 --------- Run | Yrd Mat Min Mat Min Exi Min Mat Fac Sto Rec Scr Fac Upp Upp Zhi Pro Fac Was Fac Upp Upp War Pro Res Qua Res Tes Frg Acc Com Ac0 Distress Signals 84 | . 1 . 5 . . . 3 3 1 . . 3 . . . 1 . . 14 . . 1 . . 2 3 1 20 2 24 . Communications Jammed 32 | . . . . . . . . . . . . . . . . . . . . . . . . 1 5 7 19 . . . . Distress Signals 30 | . . . . . . . . . . . . . . . . . . . . . . . . 1 5 5 19 . . . . Times Spotted 950 | . 30 4 38 5 . 9 57 58 10 4 . 47 2 8 . 7 8 6 31 . 2 78 3 5 17 34 24 351 37 14 61 Peak Tracking Total 21 | . 5 2 6 5 . 3 6 4 5 2 . 21 2 12 . 5 5 5 19 . 2 11 4 3 6 11 5 14 7 4 11 Tactical Retreats 86 | . 1 . 3 . . 1 2 10 1 . . 5 1 . . 1 . . 7 . 1 5 1 . 2 11 4 22 5 . 3 Traps | -11 -10 -10 -9 -9 -9 -8 -8 -7 -7 -7 -7 -5 -5 -5 -5 -4 -4 -4 -4 -4 -4 -4 -3 -3 -3 -2 -2 -2 -1 -1 -1 ------- Run | Yrd Mat Min Mat Min Exi Min Mat Fac Sto Rec Scr Fac Upp Upp Zhi Pro Fac Was Fac Upp Upp War Pro Res Qua Res Tes Frg Acc Com Ac0 Traps Triggered 28 | . . . . . . . 5 2 . . . . . . . . 2 . 3 . . . . . 1 . . 15 . . . Indirectly . | . . . . . . . . . . . . . . . . . . . . . . . . . . . . . . . . Trap Hack Attempts . | . . . . . . . . . . . . . . . . . . . . . . . . . . . . . . . . Triggered . | . . . . . . . . . . . . . . . . . . . . . . . . . . . . . . . . Disarmed . | . . . . . . . . . . . . . . . . . . . . . . . . . . . . . . . . Reprogrammed . | . . . . . . . . . . . . . . . . . . . . . . . . . . . . . . . . Reused . | . . . . . . . . . . . . . . . . . . . . . . . . . . . . . . . . Traps Extracted . | . . . . . . . . . . . . . . . . . . . . . . . . . . . . . . . . Installed . | . . . . . . . . . . . . . . . . . . . . . . . . . . . . . . . . Triggered . | . . . . . . . . . . . . . . . . . . . . . . . . . . . . . . . . Machines | -11 -10 -10 -9 -9 -9 -8 -8 -7 -7 -7 -7 -5 -5 -5 -5 -4 -4 -4 -4 -4 -4 -4 -3 -3 -3 -2 -2 -2 -1 -1 -1 ---------- Run | Yrd Mat Min Mat Min Exi Min Mat Fac Sto Rec Scr Fac Upp Upp Zhi Pro Fac Was Fac Upp Upp War Pro Res Qua Res Tes Frg Acc Com Ac0 Machines Disabled 94 | . 2 1 1 . . . 4 4 1 1 . 12 . . . . 2 . . . . 2 1 . 2 . 10 37 1 8 5 Max in Single Turn 4 | . 1 . 1 . . . 1 1 1 1 . 4 . . . . 1 . . . . 1 1 . 1 . 1 2 1 2 1 Garrison Access 9 | . . . . . . . . . . . . . . . . . 2 . 1 . . . . 1 1 2 1 1 . . . Phase Generator 1 | . . . . . . . . . . . . . . . . . . . . . . . . . . . . . . 1 . Machines Repaired . | . . . . . . . . . . . . . . . . . . . . . . . . . . . . . . . . Machines Dismantled . | . . . . . . . . . . . . . . . . . . . . . . . . . . . . . . . . Machines Sabotaged . | . . . . . . . . . . . . . . . . . . . . . . . . . . . . . . . . Overloaded Fab Kills . | . . . . . . . . . . . . . . . . . . . . . . . . . . . . . . . . Hacking | -11 -10 -10 -9 -9 -9 -8 -8 -7 -7 -7 -7 -5 -5 -5 -5 -4 -4 -4 -4 -4 -4 -4 -3 -3 -3 -2 -2 -2 -1 -1 -1 --------- Run | Yrd Mat Min Mat Min Exi Min Mat Fac Sto Rec Scr Fac Upp Upp Zhi Pro Fac Was Fac Upp Upp War Pro Res Qua Res Tes Frg Acc Com Ac0 Machines Accessed 169 | . 1 1 7 1 . . 7 11 2 4 1 12 . . 4 . 19 . 18 1 2 3 . 11 11 17 11 17 7 1 . Terminals 86 | . 1 1 2 . . . 4 6 2 . . 5 . . . . 9 . 8 . . . . 5 7 10 8 10 7 1 . Fabricators 13 | . . . . . . . . 2 . . . 1 . . . . 2 . 2 . . . . . . 2 . 4 . . . Repair Stations 11 | . . . 2 . . . 1 . . . . . . . . . 1 . 2 . . . . 1 2 1 1 . . . . Recycling Units 25 | . . . 2 . . . 2 . . 4 . 5 . . . . 3 . 5 . . . . 2 . 1 . 1 . . . Scanalyzers 13 | . . . 1 . . . . 2 . . . 1 . . . . 2 . 1 . . . . 2 1 1 1 1 . . . Garrison Access 9 | . . . . . . . . 1 . . . . . . . . 2 . . . . . . 1 1 2 1 1 . . . Total Hacks 510 | . 2 2 12 1 . . 21 28 2 5 4 36 . . 17 . 51 . 54 1 8 13 . 38 51 54 34 58 17 1 . Successful 372 | . 1 1 8 1 . . 12 15 2 4 4 17 . . 17 . 40 . 33 1 8 13 . 24 46 41 26 52 6 . . Failed 137 | . 1 1 4 . . . 9 12 . 1 . 19 . . . . 11 . 21 . . . . 14 5 13 8 6 11 1 . Catastrophic 10 | . . 1 . . . . . 3 . 1 . 1 . . . . 1 . . . . . . . . . 1 . 2 . . Database Lockouts 1 | . . . . . . . . 1 . . . . . . . . . . . . . . . . . . . . . . . Manual 230 | . . 2 5 . . . 16 10 1 5 . 31 . . . . 22 . 20 . . . . 17 18 23 18 36 5 1 . Terminals 316 | . 2 2 3 . . . 17 12 2 . . 20 . . . . 33 . 29 . . . . 25 36 43 27 47 17 1 . Fabricators 32 | . . . . . . . . 5 . . . 4 . . . . 5 . 5 . . . . . . 5 . 8 . . . Repair Stations 37 | . . . 5 . . . 2 . . . . . . . . . 2 . 8 . . . . 4 11 1 4 . . . . Recycling Units 34 | . . . 2 . . . 2 . . 5 . 11 . . . . 3 . 6 . . . . 3 . 1 . 1 . . . Scanalyzers 33 | . . . 2 . . . . 10 . . . 1 . . . . 4 . 6 . . . . 4 3 1 1 1 . . . Garrison Access 14 | . . . . . . . . 1 . . . . . . . . 4 . . . . . . 2 1 3 2 1 . . . Terminal Hacks 173 | . 1 1 1 1 . . 6 4 2 . 4 3 . . 17 . 16 . 8 1 8 13 . 10 18 21 11 23 4 . . Record 16 | . . . . . . . . . . . 4 . . . 5 . . . . . 7 . . . . . . . . . . Part Schematic 12 | . . . . . . . . . . . . . . . 4 . 3 . 1 . . . . 1 3 . . . . . . Robot Analysis 10 | . . . . . . . 1 . . . . . . . 4 . . . . . . . . 1 2 2 . . . . . Prototype ID Bank 28 | . 1 1 . . . . . . . . . . . . 4 . 2 . 1 . . 12 . 1 4 . . 2 . . . Open Door 9 | . . . . 1 . . . . 2 . . . . . . . . . . 1 1 1 . . . . . . 3 . . Open DSF 2 | . . . . . . . . . . . . . . . . . 2 . . . . . . . . . . . . . . Branch Access Points 5 | . . . . . . . . 1 . . . 1 . . . . . . 1 . . . . 1 . 1 . . . . . Emergency Access Points 5 | . . . . . . . . . . . . . . . . . 1 . . . . . . . 1 1 . 2 . . . Machine Index 2 | . . . . . . . . . . . . . . . . . . . . . . . . . . 1 1 . . . . Terminal Index 3 | . . . . . . . 1 . . . . . . . . . . . . . . . . 1 . . . 1 . . . Recycling Unit Index 1 | . . . . . . . . . . . . . . . . . 1 . . . . . . . . . . . . . . Scanalyzer Index 2 | . . . . . . . . . . . . . . . . . 1 . 1 . . . . . . . . . . . . Garrison Index 2 | . . . . . . . . . . . . . . . . . . . . . . . . . 1 1 . . . . . Alert Level 9 | . . . . . . . 1 . . . . . . . . . . . 1 . . . . . 1 2 1 3 . . . Unreport Threat 12 | . . . . . . . 2 2 . . . . . . . . . . . . . . . . 1 2 2 3 . . . Locate Traps 11 | . . . . . . . . . . . . . . . . . 2 . . . . . . 1 2 2 1 2 1 . . Maintenance Status 1 | . . . . . . . . . . . . . . . . . . . . . . . . . . . . 1 . . . Surveillance Status 2 | . . . . . . . . . . . . . . . . . . . . . . . . . . . . 2 . . . Patrol Status 3 | . . . . . . . . . . . . . . . . . . . . . . . . . . 1 . 2 . . . Recall Investigation 4 | . . . . . . . . . . . . . . . . . . . 2 . . . . . . 1 1 . . . . Recall Extermination 6 | . . . . . . . . . . . . 1 . . . . . . . . . . . 1 1 1 2 . . . . Recall Reinforcements 8 | . . . . . . . . . . . . . . . . . . . 1 . . . . 3 . 3 1 . . . . Hauler Manifests 5 | . . . 1 . . . 1 . . . . . . . . . 1 . . . . . . . 2 . . . . . . Registered Components 2 | . . . . . . . . . . . . . . . . . 1 . . . . . . . . . . 1 . . . Registered Prototypes 1 | . . . . . . . . . . . . . . . . . 1 . . . . . . . . . . . . . . Zone Layout 12 | . . . . . . . . 1 . . . 1 . . . . 1 . . . . . . . . 3 2 4 . . . Fabricator Hacks 16 | . . . . . . . . 1 . . . 2 . . . . 1 . 1 . . . . . . 3 . 8 . . . Network Status 4 | . . . . . . . . 1 . . . . . . . . 1 . 1 . . . . . . 1 . . . . . Load Schematic 6 | . . . . . . . . . . . . 1 . . . . . . . . . . . . . 1 . 4 . . . Build 6 | . . . . . . . . . . . . 1 . . . . . . . . . . . . . 1 . 4 . . . Repair Station Hacks 31 | . . . 3 . . . 2 . . . . . . . . . 2 . 6 . . . . 4 9 1 4 . . . . Scan Component 17 | . . . 2 . . . 1 . . . . . . . . . 1 . 3 . . . . 2 5 1 2 . . . . Repair 14 | . . . 1 . . . 1 . . . . . . . . . 1 . 3 . . . . 2 4 . 2 . . . . Recycling Unit Hacks 1 | . . . . . . . . . . . . . . . . . . . 1 . . . . . . . . . . . . Retrieve Components 1 | . . . . . . . . . . . . . . . . . . . 1 . . . . . . . . . . . . Scanalyzer 21 | . . . 2 . . . . 7 . . . 1 . . . . 1 . 5 . . . . 2 3 . . . . . . Insert Component 9 | . . . . . . . . 3 . . . . . . . . . . 3 . . . . . 3 . . . . . . Analyze 4 | . . . . . . . . 3 . . . . . . . . . . 1 . . . . . . . . . . . . Retrieve Study 8 | . . . 2 . . . . 1 . . . 1 . . . . 1 . 1 . . . . 2 . . . . . . . Garrison Access Hacks 8 | . . . . . . . . . . . . . . . . . 2 . . . . . . 1 1 2 1 1 . . . Seal Access 8 | . . . . . . . . . . . . . . . . . 2 . . . . . . 1 1 2 1 1 . . . Unauthorized Hacks 122 | . . . 2 . . . 4 3 . 4 . 11 . . . . 18 . 12 . . . . 7 15 14 10 20 2 . . Terminals 85 | . . . . . . . 2 1 . . . 6 . . . . 12 . 5 . . . . 5 15 10 9 18 2 . . Track 18 | . . . . . . . . . . . . 1 . . . . 3 . . . . . . . 3 3 2 6 . . . Assimilate 12 | . . . . . . . . . . . . . . . . . 1 . 4 . . . . . 1 . 1 4 1 . . Botnet 17 | . . . . . . . 1 1 . . . 2 . . . . 3 . . . . . . 2 2 2 1 2 1 . . Disrupt 5 | . . . . . . . . . . . . . . . . . . . . . . . . . 2 . . 3 . . . Operators 7 | . . . . . . . 1 . . . . 1 . . . . . . . . . . . 1 1 . 1 2 . . . Skim 26 | . . . . . . . . . . . . 2 . . . . 5 . 1 . . . . 2 6 5 4 1 . . . Fabricators 7 | . . . . . . . . 2 . . . . . . . . 2 . 1 . . . . . . 2 . . . . . Prioritize 1 | . . . . . . . . . . . . . . . . . . . . . . . . . . 1 . . . . . Liberate 2 | . . . . . . . . 1 . . . . . . . . 1 . . . . . . . . . . . . . . Haulers 4 | . . . . . . . . 1 . . . . . . . . 1 . 1 . . . . . . 1 . . . . . Repair Stations . | . . . . . . . . . . . . . . . . . . . . . . . . . . . . . . . . Recycling Units 25 | . . . 2 . . . 2 . . 4 . 5 . . . . 3 . 5 . . . . 2 . 1 . 1 . . . Tunnel 8 | . . . 2 . . . 2 . . 4 . . . . . . . . . . . . . . . . . . . . . Fedlink 17 | . . . . . . . . . . . . 5 . . . . 3 . 5 . . . . 2 . 1 . 1 . . . Scanalyzers 5 | . . . . . . . . . . . . . . . . . 1 . 1 . . . . . . 1 1 1 . . . Researchers 2 | . . . . . . . . . . . . . . . . . . . . . . . . . . . 1 1 . . . Extract 3 | . . . . . . . . . . . . . . . . . 1 . 1 . . . . . . 1 . . . . . Garrison Access . | . . . . . . . . . . . . . . . . . . . . . . . . . . . . . . . . Data Cores Recovered 5 | . . . . . . . . 3 . . . 2 . . . . . . . . . . . . . . . . . . . Used 2 | . . . . . . . . 1 . . . 1 . . . . . . . . . . . . . . . . . . . Hacking Detections 106 | . 1 1 4 . . . 5 10 . . . 8 . . . . 6 . 11 . . . . 8 9 13 10 12 7 1 . Full Trace Events 11 | . . . . . . . . 1 . . . 1 . . . . . . . . . . . 1 . 1 1 4 2 . . Feedback Events 1 | . . . . . . . . . . . . . . . . . . . . . . . . 1 . . . . . . . Corruption 1 | . . . . . . . . . . . . . . . . . . . . . . . . 1 . . . . . . . Feedback Blocked . | . . . . . . . . . . . . . . . . . . . . . . . . . . . . . . . . Robot Schematics Acquired 54 | . . . . . . . . . . . . . . . . . . . . . . . . . . . . 5 49 . . Robots Built . | . . . . . . . . . . . . . . . . . . . . . . . . . . . . . . . . Authchips . | . . . . . . . . . . . . . . . . . . . . . . . . . . . . . . . . Time . | . . . . . . . . . . . . . . . . . . . . . . . . . . . . . . . . Total Robot Build Rating . | . . . . . . . . . . . . . . . . . . . . . . . . . . . . . . . . Part Schematics Acquired 36 | . . . . . . . . 2 . . . . . . 4 . 7 . 3 . . . . 1 3 3 . 13 . . . Parts Built 6 | . . . . . . . . . . . . 1 . . . . . . . . . . . . . 1 . 4 . . . Authchips . | . . . . . . . . . . . . . . . . . . . . . . . . . . . . . . . . Time 334 | . . . . . . . . . . . . 67 . . . . . . . . . . . . . 21 . 246 . . . Total Part Build Rating 44 | . . . . . . . . . . . . 4 . . . . . . . . . . . . . 8 . 32 . . . Part Studies Acquired 6 | . . . 1 . . . . 1 . . . 1 . . . . 1 . . . . . . 2 . . . . . . . Parts Repaired 14 | . . . 1 . . . 1 . . . . . . . . . 1 . 3 . . . . 2 4 . 2 . . . . Time 460 | . . . 50 . . . 32 . . . . . . . . . 38 . 88 . . . . 44 139 . 69 . . . . Parts Recycled . | . . . . . . . . . . . . . . . . . . . . . . . . . . . . . . . . Recycled Matter . | . . . . . . . . . . . . . . . . . . . . . . . . . . . . . . . . Retrieved Matter . | . . . . . . . . . . . . . . . . . . . . . . . . . . . . . . . . Retrieved Components . | . . . . . . . . . . . . . . . . . . . . . . . . . . . . . . . . Parts Scanalyzed 4 | . . . . . . . . 3 . . . . . . . . . . 1 . . . . . . . . . . . . Part Schematics Acquired 3 | . . . . . . . . 2 . . . . . . . . . . 1 . . . . . . . . . . . . Parts Damaged . | . . . . . . . . . . . . . . . . . . . . . . . . . . . . . . . . Bothacking | -11 -10 -10 -9 -9 -9 -8 -8 -7 -7 -7 -7 -5 -5 -5 -5 -4 -4 -4 -4 -4 -4 -4 -3 -3 -3 -2 -2 -2 -1 -1 -1 ------------ Run | Yrd Mat Min Mat Min Exi Min Mat Fac Sto Rec Scr Fac Upp Upp Zhi Pro Fac Was Fac Upp Upp War Pro Res Qua Res Tes Frg Acc Com Ac0 Used RIF Installer . | . . . . . . . . . . . . . . . . . . . . . . . . . . . . . . . . Robots Hacked 9 | . . . . . 4 . . . . . . . . . . . . . . . . 5 . . . . . . . . . Non-combat 4 | . . . . . 3 . . . . . . . . . . . . . . . . 1 . . . . . . . . . Combat 5 | . . . . . 1 . . . . . . . . . . . . . . . . 4 . . . . . . . . . Robot Hacks Applied 9 | . . . . . 4 . . . . . . . . . . . . . . . . 5 . . . . . . . . . parse_system 9 | . . . . . 4 . . . . . . . . . . . . . . . . 5 . . . . . . . . . Relay Couplers Released 3 | . . . . . . . . . . . . . . . . . . . 1 . . . . 2 . . . . . . . Machine Destruction 3 | . . . . . . . . . . . . . . . . . . . 1 . . . . 2 . . . . . . . Fabnet Peak Effective % . | . . . . . . . . . . . . . . . . . . . . . . . . . . . . . . . . Robots Rewired 6 | . . . . . . . . . . . . . . . . . . . . . . 5 . . . . 1 . . . . Allies Hacked 1 | . . . . . . . . . . . . . . . . . . . . . . . 1 . . . . . . . . Hacks Repelled . | . . . . . . . . . . . . . . . . . . . . . . . . . . . . . . . . Allies | -11 -10 -10 -9 -9 -9 -8 -8 -7 -7 -7 -7 -5 -5 -5 -5 -4 -4 -4 -4 -4 -4 -4 -3 -3 -3 -2 -2 -2 -1 -1 -1 -------- Run | Yrd Mat Min Mat Min Exi Min Mat Fac Sto Rec Scr Fac Upp Upp Zhi Pro Fac Was Fac Upp Upp War Pro Res Qua Res Tes Frg Acc Com Ac0 Total Allies 39 | . . 1 . 3 . . . . . . . . . . . . 1 19 4 . . 5 . . 1 . 2 2 1 . . Largest Group 19 | . . 1 . 3 2 1 . . . . . . . . . . 1 19 19 1 . 5 5 3 1 . 1 1 1 . . Highest-Rated Group 684 | . . 31 . 83 62 31 . . . . . . . . . . 10 684 684 10 . 271 271 151 45 . 159 26 26 . . Highest-Rated Ally 159 | . . 31 . 31 31 31 . . . . . . . . . . 10 50 50 10 . 64 64 56 45 . 159 26 26 . . Total Orders 41 | . . . . . . . . . 2 3 . . . . . . . . 1 3 . 8 . . . . 2 1 21 . . STAY 11 | . . . . . . . . . . . . . . . . . . . 1 2 . 5 . . . . 2 1 . . . FOLLOW 5 | . . . . . . . . . . . . . . . . . . . . 1 . 3 . . . . . . 1 . . EXPLORE 11 | . . . . . . . . . 2 3 . . . . . . . . . . . . . . . . . . 6 . . RETURN 14 | . . . . . . . . . . . . . . . . . . . . . . . . . . . . . 14 . . Ally Attacks 227 | . . 3 . 10 . 9 . . . . . . . . . . . . 119 . . 5 32 6 . . 6 . 37 . . Total Damage 6954 | . . 40 . 161 . 82 . . . . . . . . . . . . 3363 . . 34 626 314 . . 474 . 1860 . . Kills 45 | . . . . 3 . 1 . . . . . . . . . . . . 18 . . . 5 1 . . 2 . 15 . . Allies Corrupted . | . . . . . . . . . . . . . . . . . . . . . . . . . . . . . . . . Allies Melted 4 | . . . . . . . . . . . . . . . . . . . . . . . . . . . . 4 . . . Intel | -11 -10 -10 -9 -9 -9 -8 -8 -7 -7 -7 -7 -5 -5 -5 -5 -4 -4 -4 -4 -4 -4 -4 -3 -3 -3 -2 -2 -2 -1 -1 -1 ------- Run | Yrd Mat Min Mat Min Exi Min Mat Fac Sto Rec Scr Fac Upp Upp Zhi Pro Fac Was Fac Upp Upp War Pro Res Qua Res Tes Frg Acc Com Ac0 Active Infowar (turns) 23345 | 9 764 1117 201 . . . 367 1664 . 57 2729 465 136 77 43 82 416 268 884 256 216 1108 404 583 876 853 893 7040 1413 349 75 Optics 19101 | . . . . . . . . . . 57 2729 465 136 77 43 82 416 268 867 256 216 1108 404 583 876 853 893 7033 1413 326 . Sensors 8610 | . . . . . . . . 748 . . 262 462 136 77 43 82 416 268 864 256 216 752 404 572 854 754 653 791 . . . A.S.S. 6919 | . . . . . . . . . . . . . . . . . . . . . . . . . . . . 5506 1413 . . Zeronet 351 | . . . . . . . . . . . . . . . . . . . . . . . . . . . . . 2 349 . Terrain 2 | . . . . . . . . . . . . . . . . . . . . . . . . 2 . . . . . . . Structural 97 | . . . . . . . . . . . . . . . . . . . . . . . . . 97 . . . . . . Seismic 3374 | 9 764 1117 201 . . . 367 916 . . . . . . . . . . . . . . . . . . . . . . . Triangulation 75 | . . . . . . . . . . . . . . . . . . . . . . . . . . . . . . . 75 Cloaking 721 | . . . . . . . . . . . . . . . . . . . . . . . . . . . . 128 391 202 . Jamming 1650 | . . . . . . . . . . . . . . . . . . . 13 . . . . 41 22 99 240 1235 . . . Robot Analysis Total 104 | . . . . . . . 1 . . . . . . . 4 . . . . . . . . 1 2 2 . . 94 . . Derelict Logs Recovered 12 | . . 2 . 2 . . . . . . . . 1 3 . . . . . 2 2 . . . . . . . . . . Drone Launches 41 | . . . . . . . . . 21 5 . . . . . . . . . . . . . . . . . . 15 . . Drone Recoveries 27 | . . . . . . . . . 7 5 . . . . . . . . . . . . . . . . . . 15 . . Exploration | -11 -10 -10 -9 -9 -9 -8 -8 -7 -7 -7 -7 -5 -5 -5 -5 -4 -4 -4 -4 -4 -4 -4 -3 -3 -3 -2 -2 -2 -1 -1 -1 ------------- Run | Yrd Mat Min Mat Min Exi Min Mat Fac Sto Rec Scr Fac Upp Upp Zhi Pro Fac Was Fac Upp Upp War Pro Res Qua Res Tes Frg Acc Com Ac0 Turns Passed 33925 | 107 778 1117 1053 749 290 671 2400 3925 463 753 2729 465 136 77 43 82 416 268 884 256 216 1108 404 583 876 853 893 7040 1413 1871 1006 Spaces Moved 40307 | 25 348 573 496 478 194 402 779 1383 115 274 1106 1397 416 350 142 313 1426 415 1724 965 568 1811 541 1244 1475 1860 1708 12219 1353 2459 1748 Core . | . . . . . . . . . . . . . . . . . . . . . . . . . . . . . . . . Treads 3324 | . 238 . . . . . 647 1137 56 255 991 . . . . . . . . . . . . . . . . . . . . Legs 75 | 25 50 . . . . . . . . . . . . . . . . . . . . . . . . . . . . . . Wheels 2659 | . 60 573 496 478 194 402 132 246 59 19 . . . . . . . . . . . . . . . . . . . . . Hover 10157 | . . . . . . . . . . . . . . . . . . . . . . . . . . . . 4597 1353 2459 1748 Flight 24092 | . . . . . . . . . . . 115 1397 416 350 142 313 1426 415 1724 965 568 1811 541 1244 1475 1860 1708 7622 . . . Fastest Speed 6 | 120 120 175 135 145 145 145 130 155 155 240 102 6 6 6 20 6 20 20 6 20 20 6 20 6 6 6 6 6 32 32 33 Average Speed 50 | 120 157 178 148 145 145 145 219 231 249 240 229 19 19 19 20 19 20 20 19 20 20 20 20 22 20 20 22 24 32 33 33 Slowest Speed 465 | 120 320 190 190 145 145 145 242 245 465 245 246 20 20 20 20 20 20 25 23 20 20 88 20 93 21 97 96 285 104 104 104 Overloaded Moves 546 | . . . . . . . . . . . . 74 21 3 . 8 . . 8 . . 9 . 17 16 32 73 285 . . . Propulsion Burnouts . | . . . . . . . . . . . . . . . . . . . . . . . . . . . . . . . . Robots Hopped 86 | . . . . . . . . . . . . 4 . . . . 13 . 3 . . 7 . 11 7 9 16 16 . . . Potential Cave-ins . | . . . . . . . . . . . . . . . . . . . . . . . . . . . . . . . . Cave-ins Triggered . | . . . . . . . . . . . . . . . . . . . . . . . . . . . . . . . . Teleports 3 | . . . . . . . . . . . . . . . . . . . . . . . . . . . . 1 . 1 1 Exploration Rate (%) 62 | 4 47 93 50 85 59 83 63 37 45 99 84 34 63 59 60 49 38 94 41 88 65 90 77 28 86 60 91 91 21 60 46 Regions Visited 31 Branch Regions 20 Pre-discovered Areas 18 | . . 2 2 . . . 2 . 1 4 . 1 . . 3 . . . . 2 . . . . . 1 . . . . . Known Exits Taken 21 | . . . . . . . 1 1 1 1 1 1 1 1 1 1 . . 1 1 1 1 1 1 1 1 1 1 1 . . Unknown Exits Taken 8 | 1 1 1 1 1 1 1 . . . . . . . . . . . . . . . . . . . . . . . 1 . Scrap Searched 27 | . . 1 . 2 . 2 . . . . 9 . 3 1 . 1 . . . 4 3 . 1 . . . . . . . . Spaces Dug 348 | . . . . . . . 13 11 . . . 21 12 2 . 3 13 19 26 13 33 5 . 18 5 43 32 21 36 21 1 Terrain Destroyed 1464 | . . . 14 . . . 26 45 37 3 . 72 12 2 . 42 13 148 26 13 33 209 36 18 6 69 84 278 111 116 51 Melee 230 | . . . . . . . 3 11 . . . 21 12 2 . 3 13 . 26 13 33 5 . 18 4 41 20 5 . . . Projectile 504 | . . . . . . . . . 3 3 . . . . . . . . . . . 20 . . 2 28 28 247 68 54 51 AOE 730 | . . . 14 . . . 23 34 34 . . 51 . . . 39 . 148 . . . 184 36 . . . 36 26 43 62 . Terrain Rammed . | . . . . . . . . . . . . . . . . . . . . . . . . . . . . . . . . Walls Destroyed . | . . . . . . . . . . . . . . . . . . . . . . . . . . . . . . . . Machines Disabled . | . . . . . . . . . . . . . . . . . . . . . . . . . . . . . . . . Actions | -11 -10 -10 -9 -9 -9 -8 -8 -7 -7 -7 -7 -5 -5 -5 -5 -4 -4 -4 -4 -4 -4 -4 -3 -3 -3 -2 -2 -2 -1 -1 -1 --------- Run | Yrd Mat Min Mat Min Exi Min Mat Fac Sto Rec Scr Fac Upp Upp Zhi Pro Fac Was Fac Upp Upp War Pro Res Qua Res Tes Frg Acc Com Ac0 Total 51011 | 67 476 617 663 524 201 437 1233 1762 201 320 1304 1530 449 352 157 323 1506 579 2198 1004 617 2469 830 1487 1929 2212 2089 15672 2277 3470 2056 Wait 7206 | 20 24 8 40 37 . 5 245 79 8 5 135 67 14 1 . 3 46 119 404 25 17 484 281 189 323 255 273 2359 833 861 46 Move 40118 | 25 347 572 495 477 193 401 778 1382 114 273 1105 1388 415 349 141 312 1401 414 1717 964 567 1799 540 1222 1460 1842 1676 12192 1352 2458 1747 Hop 73 | . . . . . . . . . . . . 4 . . . . 12 . 3 . . 4 . 10 7 8 15 10 . . . Pick Up 275 | 1 23 2 12 2 1 . 10 21 6 . 11 5 . . 2 . 5 3 3 . . 11 . 5 11 3 5 100 5 19 9 Fast Attach 209 | 1 3 1 4 . . . 16 17 8 2 12 5 3 . 4 . 7 6 15 1 . 17 1 10 5 1 6 45 2 8 9 Attach 120 | . . . 3 . 1 . 7 14 4 2 9 6 . . . . 1 3 1 . . 8 . 4 4 3 3 25 4 10 8 Detach 85 | . 1 . 1 . . . 3 1 . 2 5 1 . . 1 . 3 3 1 . . 10 . 4 1 2 4 28 3 8 3 Swap 363 | 1 12 5 14 . 1 2 21 40 3 3 1 8 1 . 3 2 3 6 6 . . 9 2 7 17 12 17 93 27 14 33 Drop 373 | . 10 4 18 2 1 2 19 28 6 3 24 12 4 . 6 . 6 7 10 . . 25 1 6 9 3 7 113 3 20 24 Fire 1607 | 18 50 25 76 6 . 27 124 133 45 21 . 1 . . . 3 . 18 . . . 69 3 2 53 28 44 564 48 72 177 Melee 407 | . . . . . 4 . 4 41 . 7 . 33 12 2 . 3 22 . 38 14 33 10 1 28 31 55 37 32 . . . Ram . | . . . . . . . . . . . . . . . . . . . . . . . . . . . . . . . . Kick 2 | 1 1 . . . . . . . . . . . . . . . . . . . . . . . . . . . . . . Crush 19 | . 5 . . . . . 6 6 . 2 . . . . . . . . . . . . . . . . . . . . . Escape Stasis 115 | . . . . . . . . . . . . . . . . . . . . . . . . . 8 . . 107 . . . Rewire 30 | . . . . . . . . . . . 2 . . . . . . . . . . 23 1 . . . 2 2 . . . Trap . | . . . . . . . . . . . . . . . . . . . . . . . . . . . . . . . . Miscellaneous 9 | . . . . . . . . . 7 . . . . . . . . . . . . . . . . . . 2 . . . Route ------- -11/Scrapyard -10/Materials (discovered 2 exits: *Mat / *Min) -10/Mines (discovered 2 exits: *Mat x2) -9/Materials (discovered 2 exits: *Mat / *Min) -9/Mines (discovered 3 exits: *Mat x2 / [*Exi]) -9/Exiles -8/Mines (discovered 2 exits: *Mat x2) -8/Materials (discovered 2 exits: *Fac x2) -7/Factory (discovered 7 exits: *Fac x3 / *Sto x2 / Low x2) -7/Storage (discovered 2 exits: *Fac / *Rec) -7/Recycling (discovered 2 exits: *Fac / *Scr) -7/Scraptown (discovered 2 exits: *Fac x2) -5/Factory (discovered 4 exits: *Fac x2 / *Upp x2) -5/Upper Caves -5/Upper Caves (discovered 2 exits: *Fac / *Zhi) -5/Zhirov -4/Proximity Caves -4/Factory -4/Waste -4/Factory (discovered 4 exits: *Res / *Upp x2 / Arm) -4/Upper Caves -4/Upper Caves (discovered 2 exits: *Res / *War) -4/Warlord -3/Proximity Caves -3/Research (discovered 2 exits: *Qua x2) -3/Quarantine -2/Research (discovered 5 exits: *Acc x3 / *Tes x2) -2/Testing (discovered 3 exits: *Acc / *Sec / *Frg) -2/Protoforge -1/Access -1/Command (discovered 3 exits: [Sur x2] / [*Ac0]) -1/Access_0 Near Former Tau Ceti IV History --------- Turn | Location | Event 1 | -11/Scrapyard | Discovered new exit (range 1) 108 | -11/Scrapyard | Entered Materials 310 | -10/Materials | Build established: Mutant 387 | -10/Materials | Discovered new exit (range 8) 740 | -10/Materials | Discovered new exit (range 15) 886 | -10/Materials | Entered Mines 948 | -10/Mines | Received a Mining Laser from a helpful Derelict 1312 | -10/Mines | Discovered new exit (range 5) 1470 | -10/Mines | Found a hidden stash of uninstalled traps 1705 | -10/Mines | Learned location of Zion (-6) 1883 | -10/Mines | Discovered new exit (range 9) 2003 | -10/Mines | Entered Materials 2003 | -9/Materials | Evolved 2 slots: Propulsion x1, Utility x1 2342 | -9/Materials | Destroyed 7 combat bots 2422 | -9/Materials | Discovered new exit (range 11) 2511 | -9/Materials | Repaired Lgt. Angular Momentum Engine? 2724 | -9/Materials | Discovered new exit (range 5) 3056 | -9/Materials | Entered Mines 3222 | -9/Mines | Received a Rocket Launcher from a helpful Derelict 3422 | -9/Mines | A weapon hastily lodged in a ceiling crevice suddenly fell to the ground 3424 | -9/Mines | Discovered new exit (range 9) 3496 | -9/Mines | Discovered new exit (range 15) 3544 | -9/Mines | Learned Materials security intel 3658 | -9/Mines | Met a Derelict who couldn't figure out how to use a Trap Extractor 3683 | -9/Mines | Met a Derelict testing a Signal Generator 3797 | -9/Mines | Deemed a non-threat by the Exiles lab entrance 3798 | -9/Mines | Discovered new exit (range 5) 3805 | -9/Mines | Entered Exiles 3805 | -9/Exiles | Accompanied by 2 allies 3835 | -9/Exiles | Led the pair of lost Derelicts to a safe place 3842 | -9/Exiles | Met 8R-AWN 3880 | -9/Exiles | Met EX-HEX 3927 | -9/Exiles | Met EX-BIN 3975 | -9/Exiles | Met EX-DEC 4084 | -9/Exiles | Discovered new exit (range 10) 4095 | -9/Exiles | Entered Mines 4095 | -8/Mines | Accompanied by 1 ally 4710 | -8/Mines | Discovered new exit (range 6) 4735 | -8/Mines | Discovered new exit (range 8) 4766 | -8/Mines | Entered Materials 4766 | -8/Materials | Evolved 2 slots: Propulsion x1, Utility x1 4767 | -8/Materials | Identified exit to Factory 5085 | -8/Materials | Build established: Scavenger-Mutant 6053 | -8/Materials | Build established: Mutant 6266 | -8/Materials | Discovered exit to Factory (range 4) 6622 | -8/Materials | Repaired Shield Generator 7166 | -8/Materials | Entered Factory 7166 | -7/Factory | Evolved 2 slots: Utility x2 7264 | -7/Factory | Central database locked down 8002 | -7/Factory | Garrison activated, responded to threat 8476 | -7/Factory | Build established: Scavenger-Mutant 8516 | -7/Factory | Discovered new exit (range 12) 8563 | -7/Factory | Identified exit to Factory 9370 | -7/Factory | Discovered exit to Factory (range 7) 9521 | -7/Factory | Discovered exit to Factory (range 6) 9652 | -7/Factory | System corruption reached 10% 10099 | -7/Factory | Identified exit to Storage 10099 | -7/Factory | Identified exit to Lower Caves 11091 | -7/Factory | Entered Storage 11174 | -7/Storage | System corruption reached 30% 11215 | -7/Storage | Lost 6 parts (3n3u) 11255 | -7/Storage | Core integrity fell below 50% 11528 | -7/Storage | Discovered exit to Factory (range 54) 11531 | -7/Storage | Used back door to open Recycling access 11531 | -7/Storage | Discovered new exit (range 5) 11551 | -7/Storage | Identified exit to Recycling 11554 | -7/Storage | Entered Recycling 11554 | -7/Recycling | Accompanied by 4 allies 11705 | -7/Recycling | Discovered new exit (range 45) 12246 | -7/Recycling | Scanned before Scraplab entrance 12283 | -7/Recycling | Entered Scraplab 12303 | -7/Recycling | Discovered new exit (range 3) 12305 | -7/Recycling | Identified exit to Scraptown 12307 | -7/Recycling | Entered Scraptown 12307 | -7/Scraptown | Accompanied by 1 ally 12312 | -7/Scraptown | System corruption cleaned by C-Scrubber 12919 | -7/Scraptown | Discovered new exit (range 11) 13032 | -7/Scraptown | Heard Great Nut preacher, LISTEN AND RECITE! 13116 | -7/Scraptown | Visited Comm Corps 13131 | -7/Scraptown | Visited TADAMA 13200 | -7/Scraptown | Visited UFD Registry 13200 | -7/Scraptown | Registered with UFD as "Quantumcutter" 13244 | -7/Scraptown | Visited Assassins FH 13283 | -7/Scraptown | Visited Bundlers 13478 | -7/Scraptown | Visited Red Mages 13857 | -7/Scraptown | Visited DA-N13 Charitable Foundation 13879 | -7/Scraptown | Found DCF Scrap (30 items) 13977 | -7/Scraptown | Visited Abandonware Association 13994 | -7/Scraptown | Learned abandonware demo "OVRCLOCK.EXE" 14001 | -7/Scraptown | Learned abandonware demo "REBOOT5.EXE" 14070 | -7/Scraptown | Visited Scrap Suit Storage 14107 | -7/Scraptown | Visited Science Testing Area 14132 | -7/Scraptown | Visited A0-MCA Data Center 14168 | -7/Scraptown | Visited Scrapoid Pod Storage 14203 | -7/Scraptown | Visited Derelict Rescue Squad 14259 | -7/Scraptown | Visited Chapter 10 14294 | -7/Scraptown | Visited Botcube Research 14331 | -7/Scraptown | Visited Observation Area 14378 | -7/Scraptown | Found Botcube 14475 | -7/Scraptown | Found DRS Beacon 14730 | -7/Scraptown | Given a C+ rating by A0-MCA 14732 | -7/Scraptown | Found A0-MCA's Component Scanner 14984 | -7/Scraptown | Met Optimus 14984 | -7/Scraptown | Accepted into 0bPrime 15034 | -7/Scraptown | Discovered new exit (range 3) 15035 | -7/Scraptown | Identified exit to Factory 15036 | -7/Scraptown | Entered Factory 15036 | -5/Factory | Evolved 4 slots: Power x1, Propulsion x2, Utility x1 15057 | -5/Factory | Loaded intel: 8 recycling unit locations 15155 | -5/Factory | Fabricated Cld. VTOL Module (x1) 15171 | -5/Factory | Discovered new exit (range 17) 15174 | -5/Factory | Identified exit to Upper Caves 15344 | -5/Factory | Build established: Hacker-Scout 15382 | -5/Factory | Learned location of Protoforge (-2) 15417 | -5/Factory | Discovered new exit (range 17) 15421 | -5/Factory | Identified exit to Factory 15499 | -5/Factory | Discovered exit to Factory (range 14) 15501 | -5/Factory | Entered Upper Caves 15529 | -5/Upper Caves | Learned Factory emergency access door positions 15567 | -5/Upper Caves | Spotted B-75 Beast 15575 | -5/Upper Caves | Encountered a Warlord checkpoint 15635 | -5/Upper Caves | Discovered new exit (range 7) 15637 | -5/Upper Caves | Identified exit to Upper Caves 15637 | -5/Upper Caves | Entered another Upper Caves area 15638 | -5/Upper Caves | Identified exit to Zhirov 15670 | -5/Upper Caves | Attracted the attention of an 0b10 checkpoint 15707 | -5/Upper Caves | Learned 4 Factory zone layouts 15714 | -5/Upper Caves | Entered Zhirov 15714 | -5/Zhirov | Discovered new exit (range 3) 15718 | -5/Zhirov | Met Zhirov 15722 | -5/Zhirov | Learned location of Quarantine (-3) 15722 | -5/Zhirov | Learned location of Testing (-2) 15724 | -5/Zhirov | Zhirov requested help retrieving the SGEMP Prototype 15728 | -5/Zhirov | Found Alien Artifact 15728 | -5/Zhirov | Identified Integrated Reactor 15728 | -5/Zhirov | Installed Integrated Reactor, increased core energy generation (+10) 15749 | -5/Zhirov | Found Alien Artifact 15757 | -5/Zhirov | Identified exit to Proximity Caves 15757 | -5/Zhirov | Entered Proximity Caves 15759 | -4/Proximity Caves | Spotter reported a threat 15760 | -4/Proximity Caves | Spotter reported a threat 15783 | -4/Proximity Caves | Spotted B-86 Titan 15830 | -4/Proximity Caves | Discovered exit to Factory (range 5) 15839 | -4/Proximity Caves | Entered Factory 15839 | -4/Factory | Evolved 2 slots: Utility x2 15845 | -4/Factory | Identified exit to DSF 15914 | -4/Factory | Loaded intel: 8 recycling unit locations 16084 | -4/Factory | Discovered new exit (range 4) 16084 | -4/Factory | Identified exit to Research 16089 | -4/Factory | Search patrols dispatched 16134 | -4/Factory | Repaired Imp. Light Armor Plating 16160 | -4/Factory | Learned location of 1 exit from Quarantine 16238 | -4/Factory | Learned 2 Upper Caves zone layouts 16255 | -4/Factory | Manually triggered Chute Trap 16255 | -4/Factory | Sucked down chute 16255 | -4/Factory | Entered Waste 16258 | -4/Waste | Spotted C-40 Crusher 16260 | -4/Waste | Spotted C-40 Crusher 16260 | -4/Waste | Spotted C-40 Crusher 16260 | -4/Waste | Spotted C-40 Crusher 16269 | -4/Waste | Destroyed C-40 Crusher 16276 | -4/Waste | Spotted C-40 Crusher 16277 | -4/Waste | Spotted C-40 Crusher 16280 | -4/Waste | 1 allies followed down the chute 16288 | -4/Waste | Found Unknown Device 16288 | -4/Waste | Identified Adv. Force Booster 16293 | -4/Waste | Discovered new exit (range 12) 16305 | -4/Waste | Destroyed C-40 Crusher 16329 | -4/Waste | Destroyed C-40 Crusher 16334 | -4/Waste | Destroyed C-40 Crusher 16342 | -4/Waste | Destroyed C-40 Crusher 16356 | -4/Waste | Destroyed C-40 Crusher 16369 | -4/Waste | Warlord forces began an assault 16462 | -4/Waste | Identified exit to Factory 16523 | -4/Waste | Entered Factory 16523 | -4/Factory | Accompanied by 19 allies 16534 | -4/Factory | Identified exit to Upper Caves 16534 | -4/Factory | Identified exit to Armory 16679 | -4/Factory | Identified Transdimensional Reconstructor 16692 | -4/Factory | Garrison activated, responded to threat 16723 | -4/Factory | Lost 4 allies 16726 | -4/Factory | Repaired Mic. Fission Core+ 16763 | -4/Factory | Repaired Impulse Thruster Array 16774 | -4/Factory | Loaded intel: 8 recycling unit locations 16973 | -4/Factory | Discovered exit to Research (range 15) 16978 | -4/Factory | Noticed UFD Elites at a Recycling Unit 17023 | -4/Factory | First assault squad dispatched 17025 | -4/Factory | Spotted B-86 Titan 17190 | -4/Factory | Found Prototype Hackware 17315 | -4/Factory | Identified Exp. Hacking Suite 17364 | -4/Factory | Repaired Exp. Utility Shielding? 17407 | -4/Factory | Entered Upper Caves 17407 | -4/Upper Caves | Accompanied by 1 ally 17445 | -4/Upper Caves | Encountered a Warlord checkpoint 17449 | -4/Upper Caves | Entered a destroyed Warlord outpost 17548 | -4/Upper Caves | Discovered new exit (range 12) 17551 | -4/Upper Caves | Identified exit to Upper Caves 17663 | -4/Upper Caves | Entered another Upper Caves area 17670 | -4/Upper Caves | Discovered exit to Research (range 14) 17772 | -4/Upper Caves | Learned Research trap positions 17787 | -4/Upper Caves | Entered an active Warlord outpost 17792 | -4/Upper Caves | Learned Armory trap positions 17874 | -4/Upper Caves | Learned Research emergency access door positions 17877 | -4/Upper Caves | Discovered new exit (range 8) 17878 | -4/Upper Caves | Identified exit to Warlord 17879 | -4/Upper Caves | Entered Warlord 17887 | -4/Warlord | System corruption cleaned by Quarantine Array 17901 | -4/Warlord | Found Prototype Device 17901 | -4/Warlord | Identified Exp. Phase Shifter 17909 | -4/Warlord | Found Prototype Hackware 17909 | -4/Warlord | Identified System Mapper 18099 | -4/Warlord | Warlord's base attacked by MAIN.C 18112 | -4/Warlord | Rebuked by Warlord 18135 | -4/Warlord | Found Prototype Energy Cannon 18135 | -4/Warlord | Identified Vortex Driver 18137 | -4/Warlord | Found Prototype Energy Gun 18137 | -4/Warlord | Identified Vortex Shotgun 18139 | -4/Warlord | Found Vortex Shotgun 18141 | -4/Warlord | Found Vortex Driver 18327 | -4/Warlord | Warlord forces counterattacked 18329 | -4/Warlord | Spotted B-90 Cyclops 18342 | -4/Warlord | Spotted B-86 Titan 18424 | -4/Warlord | Spotted Striker 18426 | -4/Warlord | Build established: Hacker-Sprinter 18443 | -4/Warlord | Destroyed Striker 18444 | -4/Warlord | Spotted Executioner 18524 | -4/Warlord | Lost 24 allies 18547 | -4/Warlord | Spotted Executioner 18563 | -4/Warlord | Spotted Executioner 18571 | -4/Warlord | Lost 6 allies 18633 | -4/Warlord | Spotted Executioner 18746 | -4/Warlord | Spotted Striker 18774 | -4/Warlord | Warlord base infiltrated, sounded retreat 18806 | -4/Warlord | Build established: Hacker-Scout 18817 | -4/Warlord | Spotted Executioner 18821 | -4/Warlord | Lost 3 allies 18878 | -4/Warlord | Found Prototype Ballistic Cannon 18878 | -4/Warlord | Identified Hvy. Autocannon 18947 | -4/Warlord | Spotted Executioner 18955 | -4/Warlord | Discovered new exit (range 17) 18969 | -4/Warlord | Identified exit to Proximity Caves 18978 | -4/Warlord | Lost 5 allies 18987 | -4/Warlord | Entered Proximity Caves 18987 | -3/Proximity Caves | Accompanied by 5 allies 19267 | -3/Proximity Caves | Discovered exit to Research (range 6) 19370 | -3/Proximity Caves | Acquired the password to a Derelict Tinkerer's latest research 19375 | -3/Proximity Caves | Spotted B-86 Titan 19391 | -3/Proximity Caves | Entered Research 19391 | -3/Research | Accompanied by 3 allies 19391 | -3/Research | Evolved 2 slots: Propulsion x1, Utility x1 19392 | -3/Research | Loaded intel: 59 trap records 19430 | -3/Research | Discovered new exit (range 19) 19471 | -3/Research | Identified exit to Quarantine 19511 | -3/Research | Found Exp. Hacking Suite 19619 | -3/Research | Loaded intel: 5 recycling unit locations 19631 | -3/Research | Found Hellfire Missile Launcher 19662 | -3/Research | Repaired Mic. Fission Core+ 19700 | -3/Research | Repaired Exp. Utility Shielding 19913 | -3/Research | Build established: Wizard-Scout 19974 | -3/Research | Entered Quarantine 19975 | -3/Quarantine | Identified exit to Research 19983 | -3/Quarantine | Spotted Alpha 7 19996 | -3/Quarantine | Unchained authorized (DW-4LL) 20033 | -3/Quarantine | Found Alien Energy Cannon 20093 | -3/Quarantine | Found Transdimensional Reconstructor 20123 | -3/Quarantine | Found Alien Artifact 20187 | -3/Quarantine | Learned Section 7 security intel 20230 | -3/Quarantine | Learned 4 Testing zone layouts 20262 | -3/Quarantine | Learned Access stockpile data 20299 | -3/Quarantine | Learned Section 7 terminal intel 20304 | -3/Quarantine | Learned location of 1 exit from Testing 20319 | -3/Quarantine | Learned Testing garrison access intel 20381 | -3/Quarantine | Learned location of 3 exits from Research 20616 | -3/Quarantine | Destroyed DW-4LL 20622 | -3/Quarantine | Found DW-4LL's Megashotty 20625 | -3/Quarantine | Found Exp. Weapon Cycler 20627 | -3/Quarantine | Found Exp. Armor Integrity Analyzer 20679 | -3/Quarantine | Repaired Mic. Fission Core+ 20708 | -3/Quarantine | Repaired Mic. Fission Core+ 20759 | -3/Quarantine | Repaired Gravity Flail 20794 | -3/Quarantine | Repaired Impulse Thruster Array+ 20821 | -3/Quarantine | Found Alien Artifact 20826 | -3/Quarantine | Identified Dimensional Node Initializer 20826 | -3/Quarantine | Identified Subatomic Replicator 20826 | -3/Quarantine | Identified Core Cannon 20850 | -3/Quarantine | Entered Research 20850 | -2/Research | Evolved 2 slots: Propulsion x1, Utility x1 20851 | -2/Research | Identified exit to Access 20852 | -2/Research | Identified exit to Testing 20922 | -2/Research | Spotted B-90 Cyclops 21222 | -2/Research | Loaded intel: 5 recycling unit locations 21328 | -2/Research | Learned Research recycling unit intel 21350 | -2/Research | Search patrols dispatched 21381 | -2/Research | Fabricated Impulse Thruster Array? 21545 | -2/Research | Learned 12 Access zone layouts 21600 | -2/Research | Search patrols dispatched 21631 | -2/Research | Spotted B-90 Cyclops 21635 | -2/Research | Spotted B-90 Cyclops 21694 | -2/Research | Loaded intel: 4 garrison access locations 21703 | -2/Research | Entered Testing 21705 | -2/Testing | Identified exit to Protoforge 21706 | -2/Testing | Identified exit to Section 7 21707 | -2/Testing | Loaded intel: 1 garrison access location 21747 | -2/Testing | Found System Mapper 21799 | -2/Testing | Found Mni. Smartbomb Launcher 21844 | -2/Testing | Repaired Lyr. Medium Armor Plating 21890 | -2/Testing | Repaired Cld. Nuclear Pulse Thruster 21909 | -2/Testing | Spotted Striker 21912 | -2/Testing | Spotted Striker 22045 | -2/Testing | Spotted PP-359NCMK9S5 22102 | -2/Testing | Unchained authorized (CL-0N3) 22156 | -2/Testing | Rewired PX-D8PH26UG9R 22299 | -2/Testing | K-01 Serf reconstituted as S7 Guard 22299 | -2/Testing | Spotted S7 Guard 22316 | -2/Testing | Allies destroyed S7 Guard 22316 | -2/Testing | S7 Guard reconstituted as CL-0N3 22479 | -2/Testing | Used Subatomic Replicator to create Alien Artifact 22487 | -2/Testing | Found Potential Cannon 22521 | -2/Testing | Found Med. Regenerative Plating 22525 | -2/Testing | Found Hvy. Regenerative Plating 22579 | -2/Testing | Spotted Fortress 22591 | -2/Testing | A-15 Conveyor reconstituted as Access Guard 22591 | -2/Testing | Spotted Access Guard 22596 | -2/Testing | Entered Protoforge 22773 | -2/Protoforge | Superfortress began startup sequence 22805 | -2/Protoforge | Spotted EXE-6 22805 | -2/Protoforge | Spotted EXE-6 22806 | -2/Protoforge | Spotted Decapitator 22807 | -2/Protoforge | Spotted Decapitator 22811 | -2/Protoforge | UFD initiated attack on Protoforge 22811 | -2/Protoforge | Loaded intel: 3 recycling unit locations 22847 | -2/Protoforge | Optimus greeted in Protoforge 22853 | -2/Protoforge | Found Dimensional Node Initializer 22854 | -2/Protoforge | Initialized slip node 22868 | -2/Protoforge | Identified Supercharged TR 22868 | -2/Protoforge | Warped through subspace to slip node 22869 | -2/Protoforge | Optimus attacked Superfortress 22872 | -2/Protoforge | Spotted Executioner 22875 | -2/Protoforge | Spotted Hotshot 22878 | -2/Protoforge | Spotted Decapitator 22879 | -2/Protoforge | Found Cep. XC Strikerail 22882 | -2/Protoforge | Found Cep. XC Strikerail 22883 | -2/Protoforge | Found Exp. Core Analyzer 22888 | -2/Protoforge | Found Cep. Zero-point Core 22890 | -2/Protoforge | Found Cep. Plasma Driver 22915 | -2/Protoforge | Forge Plexus network access discovered 22915 | -2/Protoforge | Lost 16 allies 22967 | -2/Protoforge | Fabricated Impulse Thruster Array? 23003 | -2/Protoforge | Spotted Striker 23012 | -2/Protoforge | Spotted Striker 23086 | -2/Protoforge | Spotted Executioner 23086 | -2/Protoforge | Spotted Striker 23110 | -2/Protoforge | Spotted Executioner 23111 | -2/Protoforge | Spotted Executioner 23119 | -2/Protoforge | Destroyed Executioner 23121 | -2/Protoforge | Destroyed Executioner 23149 | -2/Protoforge | Lost 5 allies 23236 | -2/Protoforge | Spotted Striker 23236 | -2/Protoforge | Spotted Striker 23271 | -2/Protoforge | Build established: Wizard-Sprinter 23279 | -2/Protoforge | Destroyed Striker 23290 | -2/Protoforge | Spotted Executioner 23339 | -2/Protoforge | Spotted Executioner 23388 | -2/Protoforge | Found Exp. Targeting Computer 23393 | -2/Protoforge | Lost 3 allies 23399 | -2/Protoforge | UFD reported confirmed Drillbomb installation 23460 | -2/Protoforge | Lost 5 allies 23474 | -2/Protoforge | Spotted Immortal 23476 | -2/Protoforge | Spotted Decapitator 23476 | -2/Protoforge | Spotted Decapitator 23476 | -2/Protoforge | Spotted Decapitator 23476 | -2/Protoforge | Spotted Decapitator 23496 | -2/Protoforge | Destroyed Immortal 23499 | -2/Protoforge | Found Prototype Device 23499 | -2/Protoforge | Identified Exp. Cloaking Device 23516 | -2/Protoforge | Found Cep. Matter Streamer 23520 | -2/Protoforge | Spotted V729-r 23520 | -2/Protoforge | Found Cep. Chromion Battery 23526 | -2/Protoforge | Found Cep. Matter Streamer 23559 | -2/Protoforge | Destroyed Decapitator 23559 | -2/Protoforge | Destroyed Decapitator 23559 | -2/Protoforge | Destroyed Decapitator 23563 | -2/Protoforge | Destroyed Decapitator 23646 | -2/Protoforge | Found Faulty Cep. Zero-point Core 23648 | -2/Protoforge | Found Cep. Zero-point Core 23657 | -2/Protoforge | Found Crosscalibrator 23694 | -2/Protoforge | Scanned by Researcher 23717 | -2/Protoforge | Spotted V412-q 23720 | -2/Protoforge | Spotted V345-q 23774 | -2/Protoforge | Found Faulty Cep. Melee Reflex Suite 23775 | -2/Protoforge | Found Cep. Recoil Nullifier 23777 | -2/Protoforge | Found Faulty Cep. Recoil Nullifier 23781 | -2/Protoforge | Found Cep. Networked Targeting System 23852 | -2/Protoforge | Found Exp. System Purifier 23854 | -2/Protoforge | Found Cep. NT7 Matterbank 23964 | -2/Protoforge | Build established: Wizard-Scout 23970 | -2/Protoforge | Spotted Decapitator 23970 | -2/Protoforge | Spotted Decapitator 23970 | -2/Protoforge | Spotted Decapitator 23970 | -2/Protoforge | Spotted Decapitator 23977 | -2/Protoforge | Destroyed Decapitator 23977 | -2/Protoforge | Destroyed Decapitator 23983 | -2/Protoforge | Destroyed Decapitator 23983 | -2/Protoforge | Destroyed Decapitator 24117 | -2/Protoforge | Spotted Decapitator 24117 | -2/Protoforge | Spotted V950-t 24117 | -2/Protoforge | Spotted Decapitator 24122 | -2/Protoforge | Found Exp. Active Sensor Suite 24163 | -2/Protoforge | Found Cep. Reaction Jets 24165 | -2/Protoforge | Found Cep. Reaction Jets 24244 | -2/Protoforge | Found Faulty Cep. Plasma Driver 24250 | -2/Protoforge | Found Faulty Cep. Plasma Driver 24253 | -2/Protoforge | Found Faulty Cep. Plasma Driver 24260 | -2/Protoforge | Found Cep. Helical Railcannon 24262 | -2/Protoforge | Found Faulty Cep. Helical Railcannon 24264 | -2/Protoforge | Found Cep. XC Strikerail 24271 | -2/Protoforge | Spotted V284-h 24271 | -2/Protoforge | Found Cep. Plasma Driver 24694 | -2/Protoforge | Fabricated Exp. Coolant Injector (x1) 24695 | -2/Protoforge | Fabricated Exp. Coolant Injector (x1) 24697 | -2/Protoforge | Fabricated Exp. Coolant Injector? 24787 | -2/Protoforge | Spotted Executioner 24787 | -2/Protoforge | Spotted Striker 24789 | -2/Protoforge | Spotted Executioner 24789 | -2/Protoforge | Spotted Executioner 24803 | -2/Protoforge | Triborg destroyed during the operation 24803 | -2/Protoforge | Optimus emerged from Triborg 24863 | -2/Protoforge | Lost 9 allies 24903 | -2/Protoforge | Spotted Immortal 24903 | -2/Protoforge | Spotted Immortal 24956 | -2/Protoforge | Destroyed Immortal 24977 | -2/Protoforge | Destroyed Immortal 24996 | -2/Protoforge | Found Cep. Gyrokinetic System 24997 | -2/Protoforge | Found Cep. Gyrokinetic System 25003 | -2/Protoforge | Found Cep. Combat Aerolev Unit 25139 | -2/Protoforge | Spotted V027-a 25139 | -2/Protoforge | Spotted V035-h 25139 | -2/Protoforge | Spotted V967-d 25272 | -2/Protoforge | Found Prototype Device 25272 | -2/Protoforge | Identified Exp. Shock Absorption System 25275 | -2/Protoforge | Found Cep. Combat Aerolev Unit 25277 | -2/Protoforge | Found Exp. Shield Generator 25296 | -2/Protoforge | Lost 3 allies 25646 | -2/Protoforge | UFD reported confirmed Drillbomb installation 25698 | -2/Protoforge | UFD reported confirmed Drillbomb installation 25712 | -2/Protoforge | Found Cep. Arcsight Missile Launcher 25750 | -2/Protoforge | Additional patrols dispatched to research labs 25753 | -2/Protoforge | Found Transdimensional Reconstructor 25950 | -2/Protoforge | Spotted AP7-3 25950 | -2/Protoforge | Spotted AP7-3 25999 | -2/Protoforge | Found Cep. Cloak Mesh 26000 | -2/Protoforge | Found Cep. Thermoelectric Network 26002 | -2/Protoforge | Found Cep. Impact Drone Bay 26003 | -2/Protoforge | Found Cld. Directed Potential Cannon 26050 | -2/Protoforge | Build established: Hacker-Ninja 26082 | -2/Protoforge | Found Cep. Weapon Articulator 26083 | -2/Protoforge | Found Exp. Kinecellerator 26115 | -2/Protoforge | Found Cep. Antigrav Storage Unit 26116 | -2/Protoforge | Found Cep. NT7 Matterbank 26159 | -2/Protoforge | Spotted V309-s 26159 | -2/Protoforge | Spotted V141-q 26159 | -2/Protoforge | Spotted V802-h 26159 | -2/Protoforge | Found Cep. Chromion Battery 26257 | -2/Protoforge | Found Cep. Antigrav Storage Unit 26446 | -2/Protoforge | Spotted Striker 26449 | -2/Protoforge | Spotted Striker 26450 | -2/Protoforge | Spotted Striker 26450 | -2/Protoforge | Spotted Executioner 26470 | -2/Protoforge | Destroyed Striker 26475 | -2/Protoforge | Destroyed Striker 26481 | -2/Protoforge | Spotted Executioner 26481 | -2/Protoforge | Destroyed Executioner 26482 | -2/Protoforge | Spotted Executioner 26483 | -2/Protoforge | Destroyed Executioner 26484 | -2/Protoforge | Spotted Executioner 26486 | -2/Protoforge | Spotted Executioner 26497 | -2/Protoforge | Destroyed Executioner 26534 | -2/Protoforge | Lost 14 allies 26537 | -2/Protoforge | Destroyed 7 combat bots 26552 | -2/Protoforge | P-80 Master assimilated allied CU-V5M(E) 26602 | -2/Protoforge | Build established: Scavenger-Scout 26604 | -2/Protoforge | Lost 3 allies 26620 | -2/Protoforge | Spotted Striker 26621 | -2/Protoforge | Spotted Striker 26622 | -2/Protoforge | Destroyed Striker 26707 | -2/Protoforge | Found Cep. Helical Railcannon 26763 | -2/Protoforge | Spotted Executioner 26775 | -2/Protoforge | Destroyed Executioner 26821 | -2/Protoforge | Lost 3 allies 26900 | -2/Protoforge | Spotted Striker 26919 | -2/Protoforge | Spotted Hotshot 26919 | -2/Protoforge | Spotted Hotshot 26923 | -2/Protoforge | Spotted Executioner 26928 | -2/Protoforge | Spotted Executioner 26932 | -2/Protoforge | Destroyed Executioner 26941 | -2/Protoforge | Destroyed Executioner 26981 | -2/Protoforge | Spotted Striker 26983 | -2/Protoforge | Destroyed Striker 26999 | -2/Protoforge | Spotted Striker 27004 | -2/Protoforge | Destroyed 7 combat bots 27018 | -2/Protoforge | Destroyed Striker 27023 | -2/Protoforge | Spotted Executioner 27023 | -2/Protoforge | Spotted Striker 27083 | -2/Protoforge | Spotted Executioner 27085 | -2/Protoforge | Destroyed Executioner 27119 | -2/Protoforge | Destroyed 7 combat bots 27122 | -2/Protoforge | Lost 14 allies 27239 | -2/Protoforge | Spotted Executioner 27302 | -2/Protoforge | Lost 4 allies 27734 | -2/Protoforge | Spotted Executioner 27740 | -2/Protoforge | Destroyed Executioner 27762 | -2/Protoforge | Spotted Executioner 27873 | -2/Protoforge | UFD reported confirmed Drillbomb installation 27913 | -2/Protoforge | UFD reported confirmed Drillbomb installation 27928 | -2/Protoforge | Spotted Executioner 27952 | -2/Protoforge | Lost 5 allies 27974 | -2/Protoforge | UFD reported confirmed Drillbomb installation 27984 | -2/Protoforge | Spotted Executioner 27990 | -2/Protoforge | Spotted Striker 27990 | -2/Protoforge | Spotted Striker 27996 | -2/Protoforge | Destroyed Striker 28020 | -2/Protoforge | UFD reported confirmed Drillbomb installation 28025 | -2/Protoforge | Destroyed Striker 28050 | -2/Protoforge | Destroyed 7 combat bots 28056 | -2/Protoforge | Lost 6 allies 28091 | -2/Protoforge | Spotted Executioner 28095 | -2/Protoforge | Spotted Striker 28110 | -2/Protoforge | Destroyed Striker 28133 | -2/Protoforge | Lost 4 allies 28141 | -2/Protoforge | Spotted Executioner 28148 | -2/Protoforge | Destroyed Executioner 28158 | -2/Protoforge | Installed UFD Drillbomb at designated target 28158 | -2/Protoforge | UFD reported confirmed Drillbomb installation 28196 | -2/Protoforge | Spotted Striker 28197 | -2/Protoforge | Spotted Striker 28198 | -2/Protoforge | Destroyed Striker 28203 | -2/Protoforge | Spotted Striker 28204 | -2/Protoforge | Spotted Executioner 28208 | -2/Protoforge | Spotted Executioner 28208 | -2/Protoforge | Destroyed Executioner 28253 | -2/Protoforge | Destroyed 12 combat bots 28265 | -2/Protoforge | Spotted Striker 28270 | -2/Protoforge | Destroyed Striker 28270 | -2/Protoforge | Spotted Striker 28271 | -2/Protoforge | Spotted Striker 28273 | -2/Protoforge | Spotted Striker 28274 | -2/Protoforge | Destroyed Striker 28276 | -2/Protoforge | Destroyed Striker 28311 | -2/Protoforge | Spotted Executioner 28311 | -2/Protoforge | Destroyed Executioner 28313 | -2/Protoforge | Spotted Executioner 28350 | -2/Protoforge | Destroyed 16 combat bots 28356 | -2/Protoforge | Lost 7 allies 28394 | -2/Protoforge | Spotted Executioner 28394 | -2/Protoforge | Spotted Striker 28395 | -2/Protoforge | Spotted Striker 28396 | -2/Protoforge | Spotted Executioner 28402 | -2/Protoforge | P-80 Master assimilated allied 02FRS-D 28410 | -2/Protoforge | Destroyed Striker 28414 | -2/Protoforge | Spotted Striker 28436 | -2/Protoforge | Destroyed 10 combat bots 28444 | -2/Protoforge | Destroyed Striker 28446 | -2/Protoforge | Spotted Executioner 28448 | -2/Protoforge | Destroyed Executioner 28459 | -2/Protoforge | UFD reported confirmed Drillbomb installation 28470 | -2/Protoforge | Lost 8 allies 28494 | -2/Protoforge | Found Cep. Antimissile System 28503 | -2/Protoforge | Spotted Striker 28569 | -2/Protoforge | Spotted Striker 28578 | -2/Protoforge | Spotted Striker 28697 | -2/Protoforge | Spotted Striker 28720 | -2/Protoforge | Spotted Striker 28728 | -2/Protoforge | Destroyed Striker 28761 | -2/Protoforge | Destroyed 11 combat bots 28764 | -2/Protoforge | Lost 7 allies 28790 | -2/Protoforge | Spotted Striker 28792 | -2/Protoforge | Spotted Striker 28797 | -2/Protoforge | Destroyed Striker 28805 | -2/Protoforge | Destroyed Striker 28826 | -2/Protoforge | Spotted Executioner 28826 | -2/Protoforge | Destroyed Striker 28828 | -2/Protoforge | Spotted Striker 28829 | -2/Protoforge | Spotted Executioner 28868 | -2/Protoforge | Lost 6 allies 28907 | -2/Protoforge | Destroyed Executioner 28934 | -2/Protoforge | Destroyed 9 combat bots 28939 | -2/Protoforge | P-80 Master assimilated allied 02FTO-D 28943 | -2/Protoforge | Spotted Executioner 28946 | -2/Protoforge | Destroyed Executioner 28947 | -2/Protoforge | P-80 Master assimilated allied Lugger 160 28977 | -2/Protoforge | Lost 11 allies 29042 | -2/Protoforge | Spotted Striker 29043 | -2/Protoforge | Spotted Striker 29045 | -2/Protoforge | Spotted Executioner 29049 | -2/Protoforge | Destroyed Executioner 29098 | -2/Protoforge | Lost 3 allies 29138 | -2/Protoforge | Spotted Striker 29152 | -2/Protoforge | Spotted Striker 29160 | -2/Protoforge | P-80 Master assimilated allied 02FVH-D 29188 | -2/Protoforge | Spotted Executioner 29189 | -2/Protoforge | Destroyed Executioner 29195 | -2/Protoforge | Lost 3 allies 29237 | -2/Protoforge | Spotted Executioner 29242 | -2/Protoforge | Spotted Executioner 29291 | -2/Protoforge | Spotted Executioner 29293 | -2/Protoforge | Destroyed Executioner 29295 | -2/Protoforge | Spotted Striker 29319 | -2/Protoforge | Spotted Executioner 29324 | -2/Protoforge | Spotted Striker 29328 | -2/Protoforge | Destroyed Executioner 29346 | -2/Protoforge | Lost 4 allies 29353 | -2/Protoforge | Destroyed 7 combat bots 29488 | -2/Protoforge | Spotted Striker 29497 | -2/Protoforge | Spotted Striker 29540 | -2/Protoforge | Lost 4 allies 29561 | -2/Protoforge | Spotted Executioner 29604 | -2/Protoforge | Lost 4 allies 29634 | -2/Protoforge | Installed UFD Drillbomb at designated target 29634 | -2/Protoforge | UFD reported confirmed Drillbomb installation 29635 | -2/Protoforge | UFD began Drillbomb countdown 29636 | -2/Protoforge | Entered Access 29636 | -1/Access | Evolved 2 slots: Power x1, Utility x1 29698 | -1/Access | Unchained authorized (CL-0N3) 29738 | -1/Access | Spotted Striker 29786 | -1/Access | T-07 Excavator reconstituted as Combat Programmer 29786 | -1/Access | Spotted Combat Programmer 29793 | -1/Access | Destroyed Combat Programmer 29793 | -1/Access | Combat Programmer reconstituted as CL-0N3 29886 | -1/Access | First assault squad dispatched 29985 | -1/Access | Discovered new exit (range 7) 29987 | -1/Access | Identified exit to Command 29997 | -1/Access | K-01 Serf reconstituted as S7 Guard 29997 | -1/Access | Spotted S7 Guard 30014 | -1/Access | Destroyed S7 Guard 30014 | -1/Access | S7 Guard reconstituted as CL-0N3 30272 | -1/Access | High security lockdown imminent 30352 | -1/Access | High security lockdown engaged 30710 | -1/Access | Build established: Hacker-Scout 31003 | -1/Access | R-10 Processor reconstituted as S7 Guard 31003 | -1/Access | Spotted S7 Guard 31035 | -1/Access | S7 Guard reconstituted as CL-0N3 31036 | -1/Access | Allies destroyed CL-0N3 31037 | -1/Access | Found Prototype Device 31038 | -1/Access | Extracted schematics, analyses from CL-0N3's data core 31047 | -1/Access | Identified Zeronet Interface 31049 | -1/Access | Entered Command 31084 | -1/Command | Spotted B-99 Colossus 31299 | -1/Command | Build established: Scavenger-Scout 31299 | -1/Command | First assault squad dispatched 31315 | -1/Command | Spotted M Guard 31316 | -1/Command | Spotted M Guard 31317 | -1/Command | Spotted Combat Programmer 31317 | -1/Command | Spotted Combat Programmer 31328 | -1/Command | Destroyed Combat Programmer 31334 | -1/Command | High security lockdown imminent 31334 | -1/Command | Destroyed Combat Programmer 31353 | -1/Command | Destroyed M Guard 31369 | -1/Command | Destroyed M Guard 31369 | -1/Command | All MAIN.C guards destroyed 31377 | -1/Command | Found Hvy. Regenerative Plating 31379 | -1/Command | Found Zero-point Reactor 31405 | -1/Command | Met MAIN.C 31410 | -1/Command | 0b10 Conduit disabled 31414 | -1/Command | High security lockdown engaged 31422 | -1/Command | Destroyed MAIN.C Shell 31424 | -1/Command | MAIN.C activated Command garrisons 31438 | -1/Command | Destroyed MAIN.C 31446 | -1/Command | Discovered new exit (range 28) 31446 | -1/Command | Discovered new exit (range 90) 31446 | -1/Command | Extracted map data and part IDs from MAIN.C's data core 31481 | -1/Command | Found Exp. System Purifier 31768 | -1/Command | Build established: Scavenger-Mutant 32012 | -1/Command | Found Zero-point Reactor 32016 | -1/Command | Found Omega Cannon 32120 | -1/Command | Phase Generator disabled 32597 | -1/Command | Build established: Scavenger-Sprinter 32677 | -1/Command | Found Corrupted Adv. Kinecellerator 32889 | -1/Command | Found Adv. Particle Accelerator 32915 | -1/Command | Warped through subspace to slip node 32915 | -1/Command | Discovered new exit (range 5) 32920 | -1/Command | Entered Access_0 32921 | -1/Access_0 | Met Architect 32937 | -1/Access_0 | Subspace Access Node disabled 32944 | -1/Access_0 | Architect warped through subspace 33031 | -1/Access_0 | Architect warped through subspace 33073 | -1/Access_0 | Destroyed A8 33100 | -1/Access_0 | Architect warped through subspace 33151 | -1/Access_0 | Architect warped through subspace 33207 | -1/Access_0 | Architect warped through subspace 33237 | -1/Access_0 | A6 warped into view 33242 | -1/Access_0 | Destroyed A6 33264 | -1/Access_0 | Architect warped through subspace 33302 | -1/Access_0 | Destroyed 7 combat bots 33306 | -1/Access_0 | Architect warped through subspace 33366 | -1/Access_0 | Architect warped through subspace 33408 | -1/Access_0 | Found Exp. Phase Shifter 33413 | -1/Access_0 | Architect warped through subspace 33450 | -1/Access_0 | Architect warped through subspace 33477 | -1/Access_0 | Architect warped through subspace 33489 | -1/Access_0 | A5 warped into view 33502 | -1/Access_0 | Destroyed A5 33506 | -1/Access_0 | Architect warped through subspace 33530 | -1/Access_0 | Architect warped through subspace 33532 | -1/Access_0 | Found Exp. Weapon Cycler 33539 | -1/Access_0 | Subspace Access Node disabled 33568 | -1/Access_0 | Architect warped through subspace 33587 | -1/Access_0 | Architect warped through subspace 33645 | -1/Access_0 | Architect warped through subspace 33670 | -1/Access_0 | Architect warped through subspace 33714 | -1/Access_0 | Found Integrity Redistributor 33714 | -1/Access_0 | Used Integrity Redistributor, redistributed integrity from core (-238) 33723 | -1/Access_0 | Architect warped through subspace 33754 | -1/Access_0 | Architect warped through subspace 33794 | -1/Access_0 | Subspace Access Node disabled 33858 | -1/Access_0 | Architect warped through subspace 33878 | -1/Access_0 | Subspace Access Node disabled 33918 | -1/Access_0 | Destroyed Architect 33919 | -1/Access_0 | Architect triggered a singularity event 33920 | -1/Access_0 | Extracted unknown sensor trigger ID from Architect's data core 33921 | -1/Access_0 | Found Hpw. Transdimensional Reconstructor 33921 | -1/Access_0 | Warped through subspace to slip node 33921 | -1/Access_0 | Discovered new exit (range 8) 33926 | *** | Escaped singularity! Last Messages --------------- 33919_ A0_COM: Initiating irreversible singularity event. Goodbye. 33920_ A0_COM: 10. 33920_ Acquired data core, extracted unknown sensor trigger ID. 33920_ Acquired 266 matter. 33921_ A0_COM: 9. 33921_ Acquired Hpw. Transdimensional Reconstructor. 33921_ Warped through subspace, drawn to slip node. 33921_ EXIT=FOUND 33922_ A0_COM: 8. 33922_ Acquired Exp. Weapon Cycler. 33923_ A0_COM: 7. 33924_ A0_COM: 6. 33925_ A0_COM: 5. 33926_ A0_COM: 4. [Achievement: Unfinished Business] [Achievement: 100k Club] Map ----- +----------------------------------------------------+ | | | | | | | | | | | | | | | | | | | | | | | | | | | | | | | | | ?????????????????????????????????????????????????? | | ?????????????????????????????????????????????????? | | ?????????????????????????????????????????????????? | | ?????????????????????????????????????????????????? | | ?????????????????????????????????????????????????? | | ?????????????????????????????????????????????????? | | ????????????????????????###??????????????????????? | | ???????????????????????## ##?????????????????????? | | ???????????????????????# #?????????????????????? | | ???????????????????????# @ #?????????????????????? | | ??????????????????????## #?????????????????????? | | ??????????????????????# #?????????????????????? | | ??????????????????????# ##?????????????????????? | | ??????????????????????## #?????????????????????? | | ??????????????????????# #?????????????????????? | | ??????????????????????# ##?????????????????????? | | ??????????????????????# < #?????????????????????? | | ??????????????????????# ##?????????????????????? | | ??????????????????????## #??????????????????????? | | ???????????????????????####??????????????????????? | | ?????????????????????????????????????????????????? | | ?????????????????????????????????????????????????? | | ?????????????????????????????????????????????????? | | ?????????????????????????????????????????????????? | | ?????????????????????????????????????????????????? | | ?????????????????????????????????????????????????? | | ?????????????????????????????????????????????????? | | ?????????????????????????????????????????????????? | | ?????????????????????????????????????????????????? | | ?????????????????????????????????????????????????? | | ?????????????????????????????????????????????????? | | ?????????????????????????????????????????????????? | | ?????????????????????????????????????????????????? | | ?????????????????????????????????????????????????? | +----------------------------------------------------+ Best States ------------- Heat Dissipation 88 Coolant Potential 65 Energy Generation 99 Energy Capacity 870 Matter Stores 300 Matter Capacity 300 Sight Range 23 Robot Scan Range 20 Terrain Scan Density 10 Jamming Range 12 Cloak Strength 6 Power Amplification 20 Armor Coverage 600 Resistance: KI 30 Resistance: TH 30 Utility Shielding 90 Weapon Shielding 33 Point Defense Rating 480 Weapon Cycling 30 Phase Shifting 20 Evasion (%) 96 Targeting Accuracy 30 Core Analysis 8 Armor Integrity Analysis 50 Recoil Reduction 4 Energy Filtering 30 Particle Charging 50 Kinecelleration 66 Force Boost 40 Offensive Hacking 56 Defensive Hacking 14 Item Schematics ----------------- Imp. Utility Shielding | -7/Factory | Scanalyzed Cld. VTOL Module | -7/Factory | Scanalyzed Assault Drone Bay | -5/Zhirov | Free Exp. Heat Sink | -5/Zhirov | Free Exp. Optical Array | -5/Zhirov | Free Imp. Arc Thrower | -5/Zhirov | Free Imp. Heavy Treads | -4/Factory | Hacked Hvy. Shield Leg | -4/Factory | Hacked Adv. Focal Shield | -4/Factory | Hacked Imp. Target Analyzer | -4/Factory | Extracted Hpw. Shock Rifle | -4/Factory | Extracted VSS Leg | -4/Factory | Extracted Huge Storage Unit | -4/Factory | Extracted Adv. Component Analysis Suite | -4/Factory | Hacked Exp. Hacking Suite | -4/Factory | Scanalyzed Adv. Thermal Shield | -4/Factory | Extracted Mic. Antimatter Reactor | -3/Research | Hacked Impulse Thruster Array | -3/Quarantine | Hacked Enh. Nova Cannon | -3/Quarantine | Hacked Hyp. Railgun | -3/Quarantine | Hacked Arm. Huge Wheel | -2/Research | Extracted Imp. Remote Shield | -2/Research | Extracted Enh. Quantum Rifle | -2/Research | Extracted Coolant Network | -2/Protoforge | Archive Enh. Biometal Leg | -2/Protoforge | Archive Adv. EM Disruption Field | -2/Protoforge | Archive Hvy. Dispersion Rifle | -2/Protoforge | Archive Exp. Coolant Injector | -2/Protoforge | Archive Adv. Myomer Leg | -2/Protoforge | Archive Adv. Gravity Neutralizer | -2/Protoforge | Archive Imp. Matter Neutralizer | -2/Protoforge | Archive Lrn. Phase Cannon | -2/Protoforge | Archive Imp. KE Penetrator | -2/Protoforge | Archive Com. Mass Driver | -2/Protoforge | Archive Exp. Q-thruster | -2/Protoforge | Archive Cld. Proton Cannon | -2/Protoforge | Archive Robot Schematics ------------------ H-88 Terminator | -2/Protoforge | Archive T-07 Excavator | -2/Protoforge | Archive S-43 Plague | -2/Protoforge | Archive M-30 Cleanser | -2/Protoforge | Archive K-01 Serf | -2/Protoforge | Archive A-02 Transporter | -1/Access | Archive A-15 Conveyor | -1/Access | Archive R-06 Scavenger | -1/Access | Archive R-10 Processor | -1/Access | Archive M-14 Sweeper | -1/Access | Archive M-22 Extractor | -1/Access | Archive M-13 Machinist | -1/Access | Archive M-28 Smith | -1/Access | Archive M-36 Artificer | -1/Access | Archive O-16 Technician | -1/Access | Archive O-24 Administrator | -1/Access | Archive O-32 Director | -1/Access | Archive W-16 Scout | -1/Access | Archive W-25 Informer | -1/Access | Archive W-44 Eye | -1/Access | Archive S-10 Pest | -1/Access | Archive S-27 Virus | -1/Access | Archive G-34 Mercenary | -1/Access | Archive G-47 Trooper | -1/Access | Archive G-50 Soldier | -1/Access | Archive G-67 Veteran | -1/Access | Archive G-73 Enforcer | -1/Access | Archive B-36 Bruiser | -1/Access | Archive B-48 Gladiator | -1/Access | Archive B-60 Warrior | -1/Access | Archive B-74 Champion | -1/Access | Archive L-31 Rogue | -1/Access | Archive L-41 Fighter | -1/Access | Archive L-61 Swordsman | -1/Access | Archive Y-45 Defender | -1/Access | Archive Y-54 Guardian | -1/Access | Archive Y-64 Sentinel | -1/Access | Archive Y-72 Warden | -1/Access | Archive D-53 Grenadier | -1/Access | Archive D-63 Destroyer | -1/Access | Archive D-83 Annihilator | -1/Access | Archive X-57 Shotgunner | -1/Access | Archive X-62 Marksman | -1/Access | Archive X-67 Chaingunner | -1/Access | Archive X-72 Disruptor | -1/Access | Archive X-77 Beamer | -1/Access | Archive X-82 Rainmaker | -1/Access | Archive X-87 Electro | -1/Access | Archive H-55 Commando | -1/Access | Archive H-66 Slayer | -1/Access | Archive H-77 Assassin | -1/Access | Archive P-60 Hacker | -1/Access | Archive P-70 Sage | -1/Access | Archive P-80 Master | -1/Access | Archive Fabricated ------------ Cld. VTOL Module | x1 | -5/Factory Impulse Thruster Array | x1 | -2/Research Impulse Thruster Array | x1 | -2/Protoforge Exp. Coolant Injector | x1 | -2/Protoforge Exp. Coolant Injector | x1 | -2/Protoforge Exp. Coolant Injector | x1 | -2/Protoforge Repaired ---------- Lgt. Angular Momentum Engine | 35% | -9/Materials Shield Generator | 26% | -8/Materials Imp. Light Armor Plating | 24% | -4/Factory Mic. Fission Core | 50% | -4/Factory Impulse Thruster Array | 50% | -4/Factory Exp. Utility Shielding | 66% | -4/Factory Mic. Fission Core | 38% | -3/Research Exp. Utility Shielding | 72% | -3/Research Mic. Fission Core | 1% | -3/Quarantine Mic. Fission Core | 28% | -3/Quarantine Gravity Flail | 32% | -3/Quarantine Impulse Thruster Array | 50% | -3/Quarantine Lyr. Medium Armor Plating | 46% | -2/Testing Cld. Nuclear Pulse Thruster | 50% | -2/Testing Studied --------- VTOL Module | -9/Materials | Hacked Lgt. Nuclear Core | -7/Factory | Hacked Mic. Fission Core | -5/Factory | Hacked Micro-nuke Launcher | -4/Factory | Hacked Impulse Thruster Array | -3/Research | Hacked Mic. Antimatter Reactor | -3/Research | Hacked Alien Tech Used ----------------- Integrated Reactor Subatomic Replicator Dimensional Node Initializer Supercharged TR Transdimensional Reconstructor Integrity Redistributor High-powered Transdimensional Reconstructor Achievements -------------- 100k Club Anti-science Crusade Bigger And Badder Dominance Asserted Fine I'll Do It Myself Hulk Smash Inventory(Loot) Resistances Are Futile Some Acronyms Are Better Than Others Super-what Now? Suspicious Triple Plus UFD MVP Unfinished Business We Are One Wiki Contributor Worth The Wait Challenges ------------ None Game ------ Seed AutogunExplosiveSabre Manual? 0 Play Time 08:07:52 Cumulative 1252.8 hours Start 2025.10.11 @ 14:40:22 End 2025.10.12 @ 11:47:40 Sessions 5 Manual Loads 0 Difficulty Rogue Special Mode None Game No. 545 Rogue 544 Adventurer 1 Explorer 0 Win Type 6 Total 200 Types 58/17/31/5/2/1/78/3/3/2 Lore% 99 Gallery% 98 Achievement% 68 Wizard Run 0 Options --------- Layout 2 ASCII 0 Keyboard 1 Movement Numpad Keybinds 0 Fullscreen 0 Font 24/Terminus Map View 50x44 Zoom Use 0% Tactical HUD 1 Map Filters NONE Filters NONE Steam 1 RUN: 4b2972db-ffdb-4616-95fc-02797b39ec61